Workbook
Name _Toc207009507: '1B - Desktop & IoT'!$A$1
Name _Toc207009508: '1C - SANParks Owned Equipment'!$A$1
Name NewSelect: #REF!

Sheet 1A - Abbreviations
A1: Annexure 1A - Abbreviations
A2: Abbreviation | B2: Description
A3: 3G | B3: Third Generation of Wireless mobile telecommunications – used in this document to include all data communication via mobile networks irrespective of the generation, ranging from initial GSM / Edge (2.5G) through to current LTE and higher data capacities
A4: AD | B4: Active Directory
A5: ADSL | B5: Asynchronous Digital Subscriber Line
A6: AENP | B6: Addo Elephant National Park
A7: APN | B7: Access Point Name
A8: BCM | B8: Business Continuity Management
A9: BCP | B9: Business Continuity Plan
A10: BVC | B10: Buffelsfontein Visitors Centre
A11: CCIE | B11: Cisco Certified Internetwork Expert
A12: CCSP | B12: Cisco Certified Security Professional
A13: CentOS | B13: Community Enterprise Operating System
... A132: WCNP | B132: West Coast National Park

Sheet 1B - Desktop & IoT
A1: Annexure 1B – Desktop Information / IoT Devices
A3: Desktop/Laptops Computers | B3: Number
A4: Operating Systems | B4: Count
A5: Windows 10 | B5: 1588
A6: Windows 8 | B6: 287
A7: Windows 7 | B7: 105
A8: Total | B8: =SUM(B5:B7) -> 1980 | D8: =Table7[[#This Row],[Number]] -> 1980 | E8: Note: This figure is used for Patch Management License calculation.
A11: Total number of devices (Switches, IOT (webcams, printers, phones, etc) | B11: Number
A12: Fuction | B12: No. of Hosts
A13: Accessory | B13: 2
A14: Environment Monitoring | B14: 1
A15: Facilities | B15: 1
A16: Firewall | B16: 33
A17: IP Camera | B17: 35
A18: IP Phone | B18: 2
A19: Industrial Control System | B19: 3
A20: Industrial Technology | B20: 795
A21: Mobile | B21: 5
A22: NAT | B22: 7
A23: Network Access Control | B23: 2
A24: NetworkAttached Storage | B24: 2
... A40: Wireless Router | B40: 138
A41: Total Devices: | B41: =SUM(B13:B40) -> 3945
A44: Microsoft Licenses
A45: MS Office | B45: Count
A46: Office 365 E5 | B46: 2500
A48: Office Project | B48: 31
A49: Office Visio | B49: 12

Sheet 1C - SANParks Owned Equipment
A1: Annexure 1C – SAN Parks Owned Servers and Services
A3: Note: SANParks has a Microsoft Enterprise Agreement in place which covers the Windows Server O/S Requirements as well as any Application License requirements such as SQL/Great Plains
A5: Databases, (Roomseeker Related)
A6: Database Product Name | B6: Member Count | C6: Members Visible on Site
A7: MS SQL Server 2014 | B7: 12 | C7: 12
A8: MS SQL Server 2012 | B8: 31 | C8: 31
A9: MS SQL Server 2008 | B9: 53 | C9: 53
A10: MS SQL Server 2016 | B10: 3 | C10: 3
A11: MySQL | B11: 4 | C11: 4
G12: Total VM's
A13: Teraco Server Cabinet VM's | G13: =COUNTA(D15:D87) -> 73 | H13: Note: This figure is used for Patch Management License calculation.
A14: VMName | B14: Function | C14: Development / Production | D14: Location | E14: E
A15: SGVOBIDEV01 | B15: BI | C15: Development | D15: SANParks Hardware / HyperV Cluster
A16: SGVOBIDEV02 | B16: BI | C16: Development | D16: SANParks Hardware / HyperV Cluster
A17: SSVBDA360 | B17: Biztalk | C17: Development | D17: SANParks Hardware / HyperV Cluster
A18: SSVBTA355 | B18: Biztalk | C18: Development | D18: SANParks Hardware / HyperV Cluster
A19: SSVBTA356 | B19: Biztalk | C19: Development | D19: SANParks Hardware / HyperV Cluster
A20: SSVBTS357 | B20: Biztalk | C20: Development | D20: SANParks Hardware / HyperV Cluster
A21: SSVBTS358 | B21: Biztalk | C21: Development | D21: SANParks Hardware / HyperV Cluster
A22: SGVCRMDEV01 | B22: CRM | C22: Development | D22: SANParks Hardware / HyperV Cluster
A23: SGVCRMUAT01 | B23: CRM | C23: Development | D23: SANParks Hardware / HyperV Cluster
A24: SGVECMDEV01 | B24: ECM Dev | C24: Development | D24: SANParks Hardware / HyperV Cluster
A25: SGVECMDEV02 | B25: ECM Dev | C25: Development | D25: SANParks Hardware / HyperV Cluster
A26: SGVECMDEV03 | B26: ECM Dev | C26: Development | D26: SANParks Hardware / HyperV Cluster
... A87: SGVDOMDEV01 | B87: WEB | C87: Production | D87: VMWARE ESXI Host
A90: For the 'Pay as you Use' Development Environment specified, the following table shows the average requirements to be used for costing purposes
A91: Name | B91: OperatingSystem | C91: Environment | D91: CPU_Count | E91: TotalMemory(GB) | F91: A: | G91: B: | H91: C: | I91: D: | J91: E: | K91: Total Drive Space (GB)
A92: RSTEST231 | B92: Windows Server 2022 Standard | C92: DEV | D92: 2 | E92: 4 | F92: 148.91 | G92: 99.87 | K92: =SUM(F92:J92) -> 248.78
A93: SGVCRMDEV01 | B93: Windows Server 2019 Standard | C93: DEV | D93: 4 | E93: 16 | F93: 149.4 | G93: 199.98 | K93: =SUM(F93:J93) -> 349.38
A94: SGVCRMUAT01 | B94: Windows Server 2019 Standard | C94: DEV | D94: 4 | E94: 12 | F94: 179.4 | G94: 199.98 | H94: 399.98 | K94: =SUM(F94:J94) -> 779.36
A95: SGVDEVSQL01 | B95: Windows Server 2016 Standard | C95: DEV | D95: 8 | E95: 32 | F95: 149.45 | G95: 4.97 | K95: =SUM(F95:J95) -> 154.42
A96: SGVDEVSQL03 | B96: Windows Server 2016 Standard | C96: DEV | D96: 8 | E96: 32 | F96: 126.45 | K96: =SUM(F96:J96) -> 126.45
A97: SGVDMSSQLTEST | B97: Windows Server 2016 Standard | C97: DEV | D97: 8 | E97: 64 | F97: 199.45 | G97: 1900.87 | H97: 126.87 | K97: =SUM(F97:J97) -> 2227.19
A98: SGVDMSTEST01 | B98: Windows Server 2016 Standard | C98: DEV | D98: 8 | E98: 16 | F98: 160.45 | H98: 550.87 | K98: =SUM(F98:J98) -> 711.32
A99: SGVECMDEV01 | B99: Windows Server 2016 Standard | C99: DEV | D99: 2 | E99: 8 | F99: 126.45 | G99: 49.87 | K99: =SUM(F99:J99) -> 176.32
A100: SGVECMDEV02 | B100: Windows Server 2016 Standard | C100: DEV | D100: 4 | E100: 16 | F100: 126.45 | G100: 99.87 | K100: =SUM(F100:J100) -> 226.32
A101: SGVECMDEV03 | B101: Windows Server 2016 Standard | C101: DEV | D101: 4 | E101: 8 | F101: 126.45 | G101: 49.87 | K101: =SUM(F101:J101) -> 176.32
A102: SGVECMDEV04 | B102: Windows Server 2016 Standard | C102: DEV | D102: 2 | E102: 8 | F102: 126.45 | G102: 49.87 | K102: =SUM(F102:J102) -> 176.32
A103: SGVECMDEV05 | B103: Windows Server 2016 Standard | C103: DEV | D103: 2 | E103: 8 | F103: 126.45 | G103: 99.87 | K103: =SUM(F103:J103) -> 226.32
A104: SGVECMDEV06 | B104: Windows Server 2016 Standard | C104: DEV | D104: 8 | E104: 32 | F104: 299.45 | G104: 399.87 | K104: =SUM(F104:J104) -> 699.32
A105: SGVECMDEV07 | B105: Windows Server 2016 Standard | C105: DEV | D105: 2 | E105: 8 | F105: 299.45 | G105: 49.87 | K105: =SUM(F105:J105) -> 349.32
A106: SGVECMDEV08 | B106: Windows Server 2016 Standard | C106: DEV | D106: 2 | E106: 8 | F106: 126.45 | G106: 99.87 | K106: =SUM(F106:J106) -> 226.32
A107: SGVECMUAT01 | B107: Windows Server 2016 Standard | C107: DEV | D107: 2 | E107: 8 | F107: 126.45 | G107: 49.87 | K107: =SUM(F107:J107) -> 176.32
A108: SGVECMUAT02 | B108: Windows Server 2016 Standard | C108: DEV | D108: 4 | E108: 16 | F108: 126.45 | G108: 99.87 | K108: =SUM(F108:J108) -> 226.32
A109: SGVECMUAT03 | B109: Windows Server 2016 Standard | C109: DEV | D109: 2 | E109: 8 | F109: 126.45 | G109: 49.87 | K109: =SUM(F109:J109) -> 176.32
A110: SGVECMUAT04 | B110: Windows Server 2016 Standard | C110: DEV | D110: 2 | E110: 8 | F110: 126.45 | G110: 49.87 | K110: =SUM(F110:J110) -> 176.32
... A114: SGVECMUAT08 | B114: Windows Server 2016 Standard | C114: DEV | D114: 2 | E114: 8 | F114: 126.45 | G114: 99.87 | K114: =SUM(F114:J114) -> 226.32
A115: SGVJPOSUAT01 | B115: Windows Server 2016 Standard | C115: DEV | D115: 4 | E115: 11.94 | F115: 149.45 | K115: =SUM(F115:J115) -> 149.45
A116: SGVOBIDEV01 | B116: Windows Server 2016 Standard | C116: DEV | D116: 4 | E116: 32 | F116: 199 | G116: 299 | H116: 1500 | I116: 499 | J116: 149 | K116: =SUM(F116:J116) -> 2646
A117: SGVOBIDEV02 | B117: Windows Server 2016 Standard | C117: DEV | D117: 2 | E117: 8 | F117: 126.45 | K117: =SUM(F117:J117) -> 126.45
A118: SGVPAMDEV01 | B118: Windows Server 2016 Standard | C118: DEV | D118: 2 | E118: 8 | F118: 149.45 | K118: =SUM(F118:J118) -> 149.45
A119: SGVRDSTEST2 | B119: Windows Server 2022 Standard | C119: DEV | D119: 2 | E119: 4.1 | F119: 78.91 | K119: =SUM(F119:J119) -> 78.91
A120: SGVRSTEST2022 | B120: Windows Server 2016 Standard | C120: DEV | D120: 2 | E120: 8 | F120: 127 | K120: =SUM(F120:J120) -> 127
A121: SGVSAGE300DEV | B121: Windows Server 2016 Standard | C121: DEV | D121: 6 | E121: 16 | F121: 499.45 | K121: =SUM(F121:J121) -> 499.45
A122: Total | K122: =SUBTOTAL(109,Table2[Total Drive Space (GB)]) -> 12340.73

Sheet 1D - Private Cloud Pricing
A1: Annexure 1D – Private Cloud Machines and Specs
A3: Note: SANParks has a Microsoft Enterprise Agreement in place which covers the Windows Server O/S Requirements as well as any Application License requirements such as SQL/Great Plains
A5: Name | B5: Provisioned Drive Space (SSD) | C5: Drive Space Cost | D5: Memory Size | E5: Memory Price | F5: CPUs | G5: CPU Cost | H5: Guest OS | I5: Storage/Archiving Costs | J5: D/R License Cost | K5: High Availability Cost
A6: Sanparks-VYOS | B6: 26.48 GB | D6: 8 GB | F6: 2 | H6: CentOS 7 (64-bit)
A7: SDXDC02-2y9P | B7: 186.49 GB | D7: 8 GB | F7: 4 | H7: Microsoft Windows Server 2022 (64-bit)
A8: SGVADFS01-zIvm | B8: 143.28 GB | D8: 4 GB | F8: 2 | H8: Microsoft Windows Server 2012 (64-bit)
A9: SGVADFS02-1tvB | B9: 143.28 GB | D9: 4 GB | F9: 2 | H9: Microsoft Windows Server 2012 (64-bit)
A10: SGVCLOUDF01-c8Ds | B10: 162.91 GB | D10: 16 GB | F10: 4 | H10: Microsoft Windows Server 2022 (64-bit)
A11: SGVCRM01-23May25 | B11: 542.89 GB | D11: 16 GB | F11: 4 | H11: Microsoft Windows Server 2012 (64-bit)
A12: SGVCRM01-a1bg | B12: 543.08 GB | D12: 16 GB | F12: 4 | H12: Microsoft Windows Server 2012 (64-bit)
A13: SGVDBR01-cyIG | B13: 86.49 GB | D13: 8 GB | F13: 4 | H13: Microsoft Windows Server 2012 (64-bit)
A14: SGVDMB01-ADEI | B14: 213.51 GB | D14: 8 GB | F14: 4 | H14: Microsoft Windows Server 2012 (64-bit)
A15: SGVDMS01-hDdE | B15: 325.73 GB | D15: 32 GB | F15: 16 | H15: Microsoft Windows Server 2012 (64-bit)
A16: SGVDMS02-8cS2 | B16: 175.72 GB | D16: 32 GB | F16: 16 | H16: Microsoft Windows Server 2012 (64-bit)
A17: SGVDMS04-bOdl | B17: 225.72 GB | D17: 32 GB | F17: 16 | H17: Microsoft Windows Server 2012 (64-bit)
... A96: SVGAZUREGWDEV01 - Azure On-Premises Data Gateways | B96: 268.89 GB | D96: 16 GB | F96: 4 | H96: Microsoft Windows Server 2022 (64-bit)
A97: Total | K97: =SUBTOTAL(103,Table12[High Availability Cost]) -> 0
A100: Total Monthly Cost | C100: =SUM(C6:C96) -> 0 | E100: =SUM(E6:E96) -> 0 | G100: =SUM(G6:G96) -> 0 | I100: =SUM(I6:I96) -> 0 | J100: =SUM(J6:J96) -> 0 | K100: =SUM(K6:K96) -> 0
A102: Total VM's requiring Patch Management Licenses | B102: =COUNTA(Table12[Name]) -> 91

Sheet 1E - Geographic Locations
A1: Annexure 1E – Geographic Locations
M2: Score | N2: =#REF!/R22*5 -> #REF! | R2: 0 | S2: 20
A3: Region | B3: Site Name | C3: Site classification | D3: Number of users | E3: Cabinets | F3: Routers | G3: Switches | H3: WAPs | I3: Town / Place where the resource is situated | J3: Number of Resources at Site | K3: Distance from resource location to the site | L3: Travel time to site | M3: Score | N3: Weighted Score | R3: 0.5 | S3: 20
A4: Cape Town & Surrounds | B4: Technical Offices (Kuilsrivier) | C4: Admin | D4: 9 | E4: 1 | F4: 1 | G4: 1 | H4: 2 | M4: =IF(L4="",0,VLOOKUP(L4,$R$2:$S$18,2,FALSE)) -> 0 | N4: =ROUND(M4*#REF!,1) -> #REF! | R4: 1 | S4: 16
A5: Cape Town & Surrounds | B5: TMNP – Boulders | C5: Tourism | D5: 3 | E5: 1 | F5: 1 | G5: 1 | H5: 1 | M5: =IF(L5="",0,VLOOKUP(L5,$R$2:$S$18,2,FALSE)) -> 0 | N5: =ROUND(M5*#REF!,1) -> #REF! | R5: 1.5 | S5: 16
A6: Cape Town & Surrounds | B6: TMNP – Buffelsfontein (BVC – Homestead) | C6: Tourism | D6: 1 | E6: 2 | F6: 1 | G6: 2 | H6: 1 | M6: =IF(L6="",0,VLOOKUP(L6,$R$2:$S$18,2,FALSE)) -> 0 | N6: =ROUND(M6*#REF!,1) -> #REF! | R6: 2 | S6: 12
A7: Cape Town & Surrounds | B7: TMNP – Klaasjagersberg | C7: Admin | D7: 15 | E7: 2 | F7: 1 | G7: 2 | H7: 1 | M7: =IF(L7="",0,VLOOKUP(L7,$R$2:$S$18,2,FALSE)) -> 0 | N7: =ROUND(M7*#REF!,1) -> #REF! | R7: 2.5 | S7: 12
A8: Cape Town & Surrounds | B8: TMNP – Kloofnek | C8: Admin | D8: 20 | E8: 1 | F8: 1 | G8: 1 | H8: 1 | M8: =IF(L8="",0,VLOOKUP(L8,$R$2:$S$18,2,FALSE)) -> 0 | N8: =ROUND(M8*#REF!,1) -> #REF! | R8: 3 | S8: 12
A9: Cape Town & Surrounds | B9: TMNP – Mount Pleasant | C9: Admin | D9: 12 | E9: 1 | F9: 1 | G9: 1 | H9: 1 | M9: =IF(L9="",0,VLOOKUP(L9,$R$2:$S$18,2,FALSE)) -> 0 | N9: =ROUND(M9*#REF!,1) -> #REF! | R9: 3.5 | S9: 12
A10: Cape Town & Surrounds | B10: TMNP – Newlands | C10: Admin | D10: 2 | E10: 1 | F10: 1 | G10: 1 | H10: 1 | M10: =IF(L10="",0,VLOOKUP(L10,$R$2:$S$18,2,FALSE)) -> 0 | N10: =ROUND(M10*#REF!,1) -> #REF! | R10: 4 | S10: 8
A11: Cape Town & Surrounds | B11: TMNP – Orangekloof | C11: Admin | D11: 5 | E11: 1 | F11: 1 | G11: 1 | H11: 1 | M11: =IF(L11="",0,VLOOKUP(L11,$R$2:$S$18,2,FALSE)) -> 0 | N11: =ROUND(M11*#REF!,1) -> #REF! | R11: 4.5 | S11: 8
A12: Cape Town & Surrounds | B12: TMNP – Silvermine | C12: Admin | D12: 11 | E12: 1 | F12: 1 | G12: 1 | H12: 1 | M12: =IF(L12="",0,VLOOKUP(L12,$R$2:$S$18,2,FALSE)) -> 0 | N12: =ROUND(M12*#REF!,1) -> #REF! | R12: 5 | S12: 8
A13: Cape Town & Surrounds | B13: TMNP – Slangkop Tented Camp | C13: Tourism | D13: 3 | E13: 1 | F13: 1 | G13: 1 | H13: 1 | M13: =IF(L13="",0,VLOOKUP(L13,$R$2:$S$18,2,FALSE)) -> 0 | N13: =ROUND(M13*#REF!,1) -> #REF! | R13: 5.5 | S13: 8
A14: Cape Town & Surrounds | B14: TMNP – Smitswinkel | C14: Tourism | D14: 1 | E14: 1 | F14: 1 | G14: 1 | H14: 1 | M14: =IF(L14="",0,VLOOKUP(L14,$R$2:$S$18,2,FALSE)) -> 0 | N14: =ROUND(M14*#REF!,1) -> #REF! | R14: 6 | S14: 4
A15: Cape Town & Surrounds | B15: TMNP – Tokai Cape Research Centre (CRC) | C15: Admin | D15: 5 | E15: 2 | F15: 1 | G15: 2 | H15: 2 | M15: =IF(L15="",0,VLOOKUP(L15,$R$2:$S$18,2,FALSE)) -> 0 | N15: =ROUND(M15*#REF!,1) -> #REF! | R15: 6.5 | S15: 4
... A17: Cape Town & Surrounds | B17: TMNP – Tokai Ranger | C17: Admin | D17: 18 | E17: 1 | F17: 1 | G17: 1 | H17: 1 | M17: =IF(L17="",0,VLOOKUP(L17,$R$2:$S$18,2,FALSE)) -> 0 | N17: =ROUND(M17*#REF!,1) -> #REF! | R17: 7.5 | S17: 4
A18: Cape Town & Surrounds | B18: TMNP – Washhouses (Platteklip) | C18: Tourism | D18: 1 | E18: 1 | F18: 1 | G18: 1 | H18: 1 | M18: =IF(L18="",0,VLOOKUP(L18,$R$2:$S$18,2,FALSE)) -> 0 | N18: =ROUND(M18*#REF!,1) -> #REF! | R18: 8+ | S18: 0
A19: Cape Town & Surrounds | B19: Travel Trade (Cape Town) | C19: Admin | D19: 1 | E19: 1 | F19: 1 | G19: 1 | H19: 1 | M19: =IF(L19="",0,VLOOKUP(L19,$R$2:$S$18,2,FALSE)) -> 0 | N19: =ROUND(M19*#REF!,1) -> #REF!
A20: Eastern Cape | B20: Addo – Mathyolweni Rest Camp | C20: Tourism | D20: 5 | E20: 1 | F20: 1 | G20: 1 | H20: 1 | M20: =IF(L20="",0,VLOOKUP(L20,$R$2:$S$18,2,FALSE)) -> 0 | N20: =ROUND(M20*#REF!,1) -> #REF!
A21: Eastern Cape | B21: Addo – Woody Cape Section | C21: Tourism | D21: 10 | E21: 1 | F21: 1 | G21: 1 | H21: 2 | M21: =IF(L21="",0,VLOOKUP(L21,$R$2:$S$18,2,FALSE)) -> 0 | N21: =ROUND(M21*#REF!,1) -> #REF!
A22: Eastern Cape | B22: Addo Camp | C22: Tourism | D22: 57 | E22: 4 | F22: 1 | G22: 4 | H22: 2 | M22: =IF(L22="",0,VLOOKUP(L22,$R$2:$S$18,2,FALSE)) -> 0 | N22: =ROUND(M22*#REF!,1) -> #REF!
A23: Eastern Cape | B23: Addo – Kabouga | C23: Tourism | D23: 2 | E23: 1 | F23: 1 | G23: 1 | H23: 1 | M23: =IF(L23="",0,VLOOKUP(L23,$R$2:$S$18,2,FALSE)) -> 0 | N23: =ROUND(M23*#REF!,1) -> #REF!
A24: Eastern Cape | B24: Camdeboo | C24: Admin | D24: 21 | E24: 1 | F24: 1 | G24: 1 | H24: 1 | M24: =IF(L24="",0,VLOOKUP(L24,$R$2:$S$18,2,FALSE)) -> 0 | N24: =ROUND(M24*#REF!,1) -> #REF!
A25: Eastern Cape | B25: Mountain Zebra | C25: Tourism | D25: 23 | E25: 2 | F25: 1 | G25: 2 | H25: 3 | M25: =IF(L25="",0,VLOOKUP(L25,$R$2:$S$18,2,FALSE)) -> 0 | N25: =ROUND(M25*#REF!,1) -> #REF!
A26: Eastern Cape | B26: NMMU and Frontier Regional Office (PE) | C26: 10 | D26: 10 | E26: 2 | F26: 2 | G26: 2 | H26: 2 | M26: =IF(L26="",0,VLOOKUP(L26,$R$2:$S$18,2,FALSE)) -> 0 | N26: =ROUND(M26*#REF!,1) -> #REF!
A27: Free State | B27: Golden Gate – Gladstone | C27: Admin | D27: 34 | E27: 3 | F27: 1 | G27: 6 | H27: 8 | M27: =IF(L27="",0,VLOOKUP(L27,$R$2:$S$18,2,FALSE)) -> 0 | N27: =ROUND(M27*#REF!,1) -> #REF!
A28: Free State | B28: Golden Gate – Glen Reenen Rest Camp | C28: Tourism | D28: 10 | E28: 1 | F28: 0 | G28: 1 | H28: 5 | M28: =IF(L28="",0,VLOOKUP(L28,$R$2:$S$18,2,FALSE)) -> 0 | N28: =ROUND(M28*#REF!,1) -> #REF!
A29: Free State | B29: Golden Gate Hotel | C29: Tourism | D29: 29 | E29: 2 | F29: 1 | G29: 2 | H29: 3 | M29: =IF(L29="",0,VLOOKUP(L29,$R$2:$S$18,2,FALSE)) -> 0 | N29: =ROUND(M29*#REF!,1) -> #REF!
A30: Garden Route | B30: Bloukrans | C30: Admin | D30: 5 | E30: 1 | F30: 1 | G30: 1 | H30: 0 | M30: =IF(L30="",0,VLOOKUP(L30,$R$2:$S$18,2,FALSE)) -> 0 | N30: =ROUND(M30*#REF!,1) -> #REF!
A31: Garden Route | B31: Diepwalle | C31: Tourism | D31: 6 | E31: 1 | F31: 1 | G31: 1 | H31: 1 | M31: =IF(L31="",0,VLOOKUP(L31,$R$2:$S$18,2,FALSE)) -> 0 | N31: =ROUND(M31*#REF!,1) -> #REF!
A32: Garden Route | B32: Farleigh | C32: Tourism | D32: 11 | E32: 2 | F32: 1 | G32: 2 | H32: 2 | M32: =IF(L32="",0,VLOOKUP(L32,$R$2:$S$18,2,FALSE)) -> 0 | N32: =ROUND(M32*#REF!,1) -> #REF!
A33: Garden Route | B33: Garden Route Office (Thesen Island) | C33: Admin | D33: 52 | E33: 2 | F33: 1 | G33: 3 | H33: 4 | M33: =IF(L33="",0,VLOOKUP(L33,$R$2:$S$18,2,FALSE)) -> 0 | N33: =ROUND(M33*#REF!,1) -> #REF!
A34: Garden Route | B34: Goudveld | C34: Tourism | D34: 1 | E34: 1 | F34: 1 | G34: 0 | H34: 1 | M34: =IF(L34="",0,VLOOKUP(L34,$R$2:$S$18,2,FALSE)) -> 0 | N34: =ROUND(M34*#REF!,1) -> #REF!
A35: Garden Route | B35: Harkerville | C35: Admin | D35: 6 | E35: 3 | F35: 2 | G35: 3 | H35: 1 | M35: =IF(L35="",0,VLOOKUP(L35,$R$2:$S$18,2,FALSE)) -> 0 | N35: =ROUND(M35*#REF!,1) -> #REF!
A36: Garden Route | B36: Knysna Scientist (Royal Hotel) | C36: Tourism | D36: 8 | E36: 1 | F36: 1 | G36: 1 | H36: 1 | M36: =IF(L36="",0,VLOOKUP(L36,$R$2:$S$18,2,FALSE)) -> 0 | N36: =ROUND(M36*#REF!,1) -> #REF!
A37: Garden Route | B37: Natures Valley Rest Camp | C37: Tourism | D37: 2 | E37: 0 | F37: 1 | G37: 1 | H37: 1 | M37: =IF(L37="",0,VLOOKUP(L37,$R$2:$S$18,2,FALSE)) -> 0 | N37: =ROUND(M37*#REF!,1) -> #REF!
A38: Garden Route | B38: Rondevlei | C38: Admin | D38: 7 | E38: 2 | F38: 1 | G38: 1 | H38: 1 | M38: =IF(L38="",0,VLOOKUP(L38,$R$2:$S$18,2,FALSE)) -> 0 | N38: =ROUND(M38*#REF!,1) -> #REF!
... A107: Western Cape | B107: Karoo Rest Camp | C107: Admin | D107: 17 | E107: 4 | F107: 1 | G107: 4 | H107: 1 | M107: =IF(L107="",0,VLOOKUP(L107,$R$2:$S$18,2,FALSE)) -> 0 | N107: =ROUND(M107*#REF!,1) -> #REF!
A108: Total | M108: =SUBTOTAL(101,Table1[Score]) -> 0 | N108: =SUBTOTAL(103,Table1[Weighted Score]) -> 104

Sheet 1F - WAN Pricing
A1: Annexure IF - WAN Pricing and Bandwidth Requirements per Site with 10 Year Escalation
A2: 1. Each Site, (where specified below), must have its own internet breakout on WAN1 and WAN2
A3: 2. Connectivity medium, connectivity medium in order of preference: Fibre, MW Licenced spectrum, MW ISM band, LEO, LTE, VSAT (and marked accordingly)
A4: 3. All speeds are Mbps
D7: YR1 | E7: YR2 | F7: YR3 | G7: YR4 | H7: YR5 | I7: YR6 | J7: YR7 | K7: YR8 | L7: YR9 | M7: YR10 | AE7: TOTAL
A8: Site Name | B8: Link | C8: current bandwidth (Mbps) | D8: 2026 | E8: 2027 | F8: 2028 | G8: 2029 | H8: 2030 | I8: 2031 | J8: 2032 | K8: 2033 | L8: 2034 | M8: 2035 | N8: GPS Coordinates | O8: Type of Connectivity (Diginet, DSL, Fibre, ME, VSAT, Cellular Data, etc.) | P8: Closest POP Name | Q8: POP GPS Coordinates | R8: Distance from site (kms) | S8: Installation Cost | T8: Annual recurring cost
T9: Cost per Mb (Monthly) | U9: 2026 | V9: 2027 | W9: 2028 | X9: 2029 | Y9: 2030 | Z9: 2031 | AA9: 2032 | AB9: 2033 | AC9: 2034 | AD9: 2035 | AE9: Total cost over 10 years
A10: Boulders Beach | B10: WAN 1 | C10: 10 | D10: 20 | E10: 30 | F10: 30 | G10: 50 | H10: 50 | I10: 50 | J10: 50 | K10: 50 | L10: 50 | M10: 50 | N10: (-34.195673 18.449433) | U10: =D10*$T10*12 -> 0 | V10: =E10*$T10*12 -> 0 | W10: =F10*$T10*12 -> 0 | X10: =G10*$T10*12 -> 0 | Y10: =H10*$T10*12 -> 0 | Z10: =I10*$T10*12 -> 0 | AA10: =J10*$T10*12 -> 0 | AB10: =K10*$T10*12 -> 0 | ... AD10: =M10*$T10*12 -> 0 | AE10: =SUM(U10:AD10) -> 0
A11: Boulders Beach | B11: WAN 2 | C11: 10 | D11: 20 | E11: 30 | F11: 30 | G11: 50 | H11: 50 | I11: 50 | J11: 50 | K11: 50 | L11: 50 | M11: 50 | N11: (-34.195673 18.449433) | U11: =D11*$T11*12 -> 0 | V11: =E11*$T11*12 -> 0 | W11: =F11*$T11*12 -> 0 | X11: =G11*$T11*12 -> 0 | Y11: =H11*$T11*12 -> 0 | Z11: =I11*$T11*12 -> 0 | AA11: =J11*$T11*12 -> 0 | AB11: =K11*$T11*12 -> 0 | ... AD11: =M11*$T11*12 -> 0 | AE11: =SUM(U11:AD11) -> 0
A12: Boulders Gate 2 | B12: WAN 2 | C12: 10 | D12: 20 | E12: 30 | F12: 30 | G12: 50 | H12: 50 | I12: 50 | J12: 50 | K12: 50 | L12: 50 | M12: 50 | N12: -34.1980603, 18.4523583 | U12: =D12*$T12*12 -> 0 | V12: =E12*$T12*12 -> 0 | W12: =F12*$T12*12 -> 0 | X12: =G12*$T12*12 -> 0 | Y12: =H12*$T12*12 -> 0 | Z12: =I12*$T12*12 -> 0 | AA12: =J12*$T12*12 -> 0 | AB12: =K12*$T12*12 -> 0 | ... AD12: =M12*$T12*12 -> 0 | AE12: =SUM(U12:AD12) -> 0
A13: Boulders Gate 2 | B13: WAN 1 | C13: 10 | D13: 20 | E13: 30 | F13: 30 | G13: 50 | H13: 50 | I13: 50 | J13: 50 | K13: 50 | L13: 50 | M13: 50 | N13: -34.1980603, 18.4523583 | U13: =D13*$T13*12 -> 0 | V13: =E13*$T13*12 -> 0 | W13: =F13*$T13*12 -> 0 | X13: =G13*$T13*12 -> 0 | Y13: =H13*$T13*12 -> 0 | Z13: =I13*$T13*12 -> 0 | AA13: =J13*$T13*12 -> 0 | AB13: =K13*$T13*12 -> 0 | ... AD13: =M13*$T13*12 -> 0 | AE13: =SUM(U13:AD13) -> 0
A14: Buffelsfontein Visitors Centre (BVC) | B14: WAN 1 | C14: 10 | D14: 20 | E14: 30 | F14: 30 | G14: 50 | H14: 50 | I14: 50 | J14: 50 | K14: 50 | L14: 50 | M14: 50 | N14: (-34.312926 18.449199) | U14: =D14*$T14*12 -> 0 | V14: =E14*$T14*12 -> 0 | W14: =F14*$T14*12 -> 0 | X14: =G14*$T14*12 -> 0 | Y14: =H14*$T14*12 -> 0 | Z14: =I14*$T14*12 -> 0 | AA14: =J14*$T14*12 -> 0 | AB14: =K14*$T14*12 -> 0 | ... AD14: =M14*$T14*12 -> 0 | AE14: =SUM(U14:AD14) -> 0
A15: Buffelsfontein Visitors Centre (BVC) | B15: WAN 2 | C15: 10 | D15: 20 | E15: 30 | F15: 30 | G15: 50 | H15: 50 | I15: 50 | J15: 50 | K15: 50 | L15: 50 | M15: 50 | N15: (-34.312926 18.449199) | U15: =D15*$T15*12 -> 0 | V15: =E15*$T15*12 -> 0 | W15: =F15*$T15*12 -> 0 | X15: =G15*$T15*12 -> 0 | Y15: =H15*$T15*12 -> 0 | Z15: =I15*$T15*12 -> 0 | AA15: =J15*$T15*12 -> 0 | AB15: =K15*$T15*12 -> 0 | ... AD15: =M15*$T15*12 -> 0 | AE15: =SUM(U15:AD15) -> 0
A16: Cape Point Gate | B16: WAN 1 | C16: 10 | D16: 20 | E16: 30 | F16: 30 | G16: 50 | H16: 50 | I16: 50 | J16: 50 | K16: 50 | L16: 50 | M16: 50 | N16: (-34.261491 18.457997) | U16: =D16*$T16*12 -> 0 | V16: =E16*$T16*12 -> 0 | W16: =F16*$T16*12 -> 0 | X16: =G16*$T16*12 -> 0 | Y16: =H16*$T16*12 -> 0 | Z16: =I16*$T16*12 -> 0 | AA16: =J16*$T16*12 -> 0 | AB16: =K16*$T16*12 -> 0 | ... AD16: =M16*$T16*12 -> 0 | AE16: =SUM(U16:AD16) -> 0
A17: Cape Point Gate | B17: WAN 2 | C17: 10 | D17: 20 | E17: 30 | F17: 30 | G17: 50 | H17: 50 | I17: 50 | J17: 50 | K17: 50 | L17: 50 | M17: 50 | N17: (-34.261491 18.457997) | U17: =D17*$T17*12 -> 0 | V17: =E17*$T17*12 -> 0 | W17: =F17*$T17*12 -> 0 | X17: =G17*$T17*12 -> 0 | Y17: =H17*$T17*12 -> 0 | Z17: =I17*$T17*12 -> 0 | AA17: =J17*$T17*12 -> 0 | AB17: =K17*$T17*12 -> 0 | ... AD17: =M17*$T17*12 -> 0 | AE17: =SUM(U17:AD17) -> 0
A18: CPT Technical Offices | B18: WAN 1 | C18: 10 | D18: 20 | E18: 30 | F18: 30 | G18: 50 | H18: 50 | I18: 50 | J18: 50 | K18: 50 | L18: 50 | M18: 50 | N18: (-33.908928 18.682871) | U18: =D18*$T18*12 -> 0 | V18: =E18*$T18*12 -> 0 | W18: =F18*$T18*12 -> 0 | X18: =G18*$T18*12 -> 0 | Y18: =H18*$T18*12 -> 0 | Z18: =I18*$T18*12 -> 0 | AA18: =J18*$T18*12 -> 0 | AB18: =K18*$T18*12 -> 0 | ... AD18: =M18*$T18*12 -> 0 | AE18: =SUM(U18:AD18) -> 0
A19: Klaasjagersberg Ranger | B19: WAN 1 | C19: 10 | D19: 20 | E19: 30 | F19: 30 | G19: 50 | H19: 50 | I19: 50 | J19: 50 | K19: 50 | L19: 50 | M19: 50 | N19: (-34.237031 18.415843) | U19: =D19*$T19*12 -> 0 | V19: =E19*$T19*12 -> 0 | W19: =F19*$T19*12 -> 0 | X19: =G19*$T19*12 -> 0 | Y19: =H19*$T19*12 -> 0 | Z19: =I19*$T19*12 -> 0 | AA19: =J19*$T19*12 -> 0 | AB19: =K19*$T19*12 -> 0 | ... AD19: =M19*$T19*12 -> 0 | AE19: =SUM(U19:AD19) -> 0
A20: Kloofnek Ranger | B20: WAN 1 | C20: 10 | D20: 20 | E20: 30 | F20: 30 | G20: 50 | H20: 50 | I20: 50 | J20: 50 | K20: 50 | L20: 50 | M20: 50 | N20: (-33.94109 18.394729) | U20: =D20*$T20*12 -> 0 | V20: =E20*$T20*12 -> 0 | W20: =F20*$T20*12 -> 0 | X20: =G20*$T20*12 -> 0 | Y20: =H20*$T20*12 -> 0 | Z20: =I20*$T20*12 -> 0 | AA20: =J20*$T20*12 -> 0 | AB20: =K20*$T20*12 -> 0 | ... AD20: =M20*$T20*12 -> 0 | AE20: =SUM(U20:AD20) -> 0
A21: Kloofnek Ranger | B21: WAN 2 | C21: 5 | D21: 10 | E21: 20 | F21: 20 | G21: 20 | H21: 20 | I21: 20 | J21: 20 | K21: 30 | L21: 30 | M21: 30 | N21: (-33.94109 18.394729) | U21: =D21*$T21*12 -> 0 | V21: =E21*$T21*12 -> 0 | W21: =F21*$T21*12 -> 0 | X21: =G21*$T21*12 -> 0 | Y21: =H21*$T21*12 -> 0 | Z21: =I21*$T21*12 -> 0 | AA21: =J21*$T21*12 -> 0 | AB21: =K21*$T21*12 -> 0 | ... AD21: =M21*$T21*12 -> 0 | AE21: =SUM(U21:AD21) -> 0
... A38: Glen Reenen Camp | B38: WAN 1 | C38: 20 | D38: 30 | E38: 50 | F38: 50 | G38: 50 | H38: 100 | I38: 100 | J38: 100 | K38: 100 | L38: 100 | M38: 100 | N38: (-28.505697 28.617423 ) | U38: =D38*$T38*12 -> 0 | V38: =E38*$T38*12 -> 0 | W38: =F38*$T38*12 -> 0 | X38: =G38*$T38*12 -> 0 | Y38: =H38*$T38*12 -> 0 | Z38: =I38*$T38*12 -> 0 | AA38: =J38*$T38*12 -> 0 | AB38: =K38*$T38*12 -> 0 | ... AD38: =M38*$T38*12 -> 0 | AE38: =SUM(U38:AD38) -> 0
A39: Glen Reenen Camp | B39: WAN 2 | C39: 8/2 | D39: 30 | E39: 50 | F39: 50 | G39: 50 | H39: 100 | I39: 100 | J39: 100 | K39: 100 | L39: 100 | M39: 100 | N39: (-28.505697 28.617423 ) | U39: =D39*$T39*12 -> 0 | V39: =E39*$T39*12 -> 0 | W39: =F39*$T39*12 -> 0 | X39: =G39*$T39*12 -> 0 | Y39: =H39*$T39*12 -> 0 | Z39: =I39*$T39*12 -> 0 | AA39: =J39*$T39*12 -> 0 | AB39: =K39*$T39*12 -> 0 | ... AD39: =M39*$T39*12 -> 0 | AE39: =SUM(U39:AD39) -> 0
A40: Golden Gate Hotel (Brandwag) | B40: WAN 1 | C40: 40 | D40: 50 | E40: 100 | F40: 100 | G40: 100 | H40: 100 | I40: 100 | J40: 100 | K40: 150 | L40: 150 | M40: 150 | N40: (-28.505376 28.60948 ) | U40: =D40*$T40*12 -> 0 | V40: =E40*$T40*12 -> 0 | W40: =F40*$T40*12 -> 0 | X40: =G40*$T40*12 -> 0 | Y40: =H40*$T40*12 -> 0 | Z40: =I40*$T40*12 -> 0 | AA40: =J40*$T40*12 -> 0 | AB40: =K40*$T40*12 -> 0 | ... AD40: =M40*$T40*12 -> 0 | AE40: =SUM(U40:AD40) -> 0
A41: Golden Gate Hotel (Brandwag) | B41: WAN 2 | C41: 8/2 | D41: 50 | E41: 100 | F41: 100 | G41: 100 | H41: 100 | I41: 100 | J41: 100 | K41: 150 | L41: 150 | M41: 150 | N41: (-28.505376 28.60948 ) | U41: =D41*$T41*12 -> 0 | V41: =E41*$T41*12 -> 0 | W41: =F41*$T41*12 -> 0 | X41: =G41*$T41*12 -> 0 | Y41: =H41*$T41*12 -> 0 | Z41: =I41*$T41*12 -> 0 | AA41: =J41*$T41*12 -> 0 | AB41: =K41*$T41*12 -> 0 | ... AD41: =M41*$T41*12 -> 0 | AE41: =SUM(U41:AD41) -> 0
A42: Qwa Qwa | B42: WAN 1 | C42: 5 | D42: 10 | E42: 20 | F42: 20 | G42: 20 | H42: 20 | I42: 20 | J42: 20 | K42: 30 | L42: 30 | M42: 30 | N42: (-28.488086 28.742245) | U42: =D42*$T42*12 -> 0 | V42: =E42*$T42*12 -> 0 | W42: =F42*$T42*12 -> 0 | X42: =G42*$T42*12 -> 0 | Y42: =H42*$T42*12 -> 0 | Z42: =I42*$T42*12 -> 0 | AA42: =J42*$T42*12 -> 0 | AB42: =K42*$T42*12 -> 0 | ... AD42: =M42*$T42*12 -> 0 | AE42: =SUM(U42:AD42) -> 0
A43: Addo BSP | B43: WAN 1 | C43: 10 | D43: 20 | E43: 30 | F43: 30 | G43: 50 | H43: 50 | I43: 50 | J43: 50 | K43: 50 | L43: 50 | M43: 50 | N43: ( -33.454132 25.724031) | U43: =D43*$T43*12 -> 0 | V43: =E43*$T43*12 -> 0 | W43: =F43*$T43*12 -> 0 | X43: =G43*$T43*12 -> 0 | Y43: =H43*$T43*12 -> 0 | Z43: =I43*$T43*12 -> 0 | AA43: =J43*$T43*12 -> 0 | AB43: =K43*$T43*12 -> 0 | ... AD43: =M43*$T43*12 -> 0 | AE43: =SUM(U43:AD43) -> 0
A44: Addo Camp | B44: WAN 1 | C44: 50 | D44: 60 | E44: 100 | F44: 100 | G44: 100 | H44: 150 | I44: 150 | J44: 150 | K44: 150 | L44: 150 | M44: 150 | N44: (-33.444016 25.745795) | U44: =D44*$T44*12 -> 0 | V44: =E44*$T44*12 -> 0 | W44: =F44*$T44*12 -> 0 | X44: =G44*$T44*12 -> 0 | Y44: =H44*$T44*12 -> 0 | Z44: =I44*$T44*12 -> 0 | AA44: =J44*$T44*12 -> 0 | AB44: =K44*$T44*12 -> 0 | ... AD44: =M44*$T44*12 -> 0 | AE44: =SUM(U44:AD44) -> 0
A45: Addo Camp | B45: WAN 2 | C45: 50 | D45: 60 | E45: 100 | F45: 100 | G45: 100 | H45: 150 | I45: 150 | J45: 150 | K45: 150 | L45: 150 | M45: 150 | N45: (-33.444016 25.745795) | U45: =D45*$T45*12 -> 0 | V45: =E45*$T45*12 -> 0 | W45: =F45*$T45*12 -> 0 | X45: =G45*$T45*12 -> 0 | Y45: =H45*$T45*12 -> 0 | Z45: =I45*$T45*12 -> 0 | AA45: =J45*$T45*12 -> 0 | AB45: =K45*$T45*12 -> 0 | ... AD45: =M45*$T45*12 -> 0 | AE45: =SUM(U45:AD45) -> 0
A46: Addo Gate - Wireless LAN with Addo Camp | B46: WAN 1 | C46: 5 | D46: 10 | E46: 20 | F46: 20 | G46: 20 | H46: 20 | I46: 20 | J46: 20 | K46: 30 | L46: 30 | M46: 30 | N46: (-33.444318 25.738605) | U46: =D46*$T46*12 -> 0 | V46: =E46*$T46*12 -> 0 | W46: =F46*$T46*12 -> 0 | X46: =G46*$T46*12 -> 0 | Y46: =H46*$T46*12 -> 0 | Z46: =I46*$T46*12 -> 0 | AA46: =J46*$T46*12 -> 0 | AB46: =K46*$T46*12 -> 0 | ... AD46: =M46*$T46*12 -> 0 | AE46: =SUM(U46:AD46) -> 0
A47: Addo Gate - Wireless LAN with Addo Camp | B47: WAN 2 | C47: 5 | D47: 10 | E47: 20 | F47: 20 | G47: 20 | H47: 20 | I47: 20 | J47: 20 | K47: 30 | L47: 30 | M47: 30 | N47: (-33.444318 25.738605) | U47: =D47*$T47*12 -> 0 | V47: =E47*$T47*12 -> 0 | W47: =F47*$T47*12 -> 0 | X47: =G47*$T47*12 -> 0 | Y47: =H47*$T47*12 -> 0 | Z47: =I47*$T47*12 -> 0 | AA47: =J47*$T47*12 -> 0 | AB47: =K47*$T47*12 -> 0 | ... AD47: =M47*$T47*12 -> 0 | AE47: =SUM(U47:AD47) -> 0
A48: Addo Marine Rangers | B48: WAN 1 | C48: 5 | D48: 10 | E48: 20 | F48: 20 | G48: 20 | H48: 20 | I48: 20 | J48: 20 | K48: 30 | L48: 30 | M48: 30 | N48: (-33.574394 25.833509) | U48: =D48*$T48*12 -> 0 | V48: =E48*$T48*12 -> 0 | W48: =F48*$T48*12 -> 0 | X48: =G48*$T48*12 -> 0 | Y48: =H48*$T48*12 -> 0 | Z48: =I48*$T48*12 -> 0 | AA48: =J48*$T48*12 -> 0 | AB48: =K48*$T48*12 -> 0 | ... AD48: =M48*$T48*12 -> 0 | AE48: =SUM(U48:AD48) -> 0
A49: Bloukrans Forest Station | B49: WAN 1 | C49: 10 | D49: 20 | E49: 30 | F49: 30 | G49: 50 | H49: 50 | I49: 50 | J49: 50 | K49: 50 | L49: 50 | M49: 50 | N49: (-33.949376 23.625488) | U49: =D49*$T49*12 -> 0 | V49: =E49*$T49*12 -> 0 | W49: =F49*$T49*12 -> 0 | X49: =G49*$T49*12 -> 0 | Y49: =H49*$T49*12 -> 0 | Z49: =I49*$T49*12 -> 0 | AA49: =J49*$T49*12 -> 0 | AB49: =K49*$T49*12 -> 0 | ... AD49: =M49*$T49*12 -> 0 | AE49: =SUM(U49:AD49) -> 0
A50: Camdeboo Offices | B50: WAN 1 | C50: 5 | D50: 10 | E50: 20 | F50: 20 | G50: 20 | H50: 20 | I50: 20 | J50: 20 | K50: 30 | L50: 30 | M50: 30 | N50: (-32.220074 24.53993) | U50: =D50*$T50*12 -> 0 | V50: =E50*$T50*12 -> 0 | W50: =F50*$T50*12 -> 0 | X50: =G50*$T50*12 -> 0 | Y50: =H50*$T50*12 -> 0 | Z50: =I50*$T50*12 -> 0 | AA50: =J50*$T50*12 -> 0 | AB50: =K50*$T50*12 -> 0 | ... AD50: =M50*$T50*12 -> 0 | AE50: =SUM(U50:AD50) -> 0
A51: Colchester Ranger | B51: WAN 1 | C51: 5 | D51: 10 | E51: 20 | F51: 20 | G51: 20 | H51: 20 | I51: 20 | J51: 20 | K51: 30 | L51: 30 | M51: 30 | N51: ( -33.564509 25.779377) | U51: =D51*$T51*12 -> 0 | V51: =E51*$T51*12 -> 0 | W51: =F51*$T51*12 -> 0 | X51: =G51*$T51*12 -> 0 | Y51: =H51*$T51*12 -> 0 | Z51: =I51*$T51*12 -> 0 | AA51: =J51*$T51*12 -> 0 | AB51: =K51*$T51*12 -> 0 | ... AD51: =M51*$T51*12 -> 0 | AE51: =SUM(U51:AD51) -> 0
A52: Darlington Dam Ranger | B52: WAN 1 | C52: 5 | D52: 10 | E52: 20 | F52: 20 | G52: 20 | H52: 20 | I52: 20 | J52: 20 | K52: 30 | L52: 30 | M52: 30 | N52: ( -33.125373 25.210652) | U52: =D52*$T52*12 -> 0 | V52: =E52*$T52*12 -> 0 | W52: =F52*$T52*12 -> 0 | X52: =G52*$T52*12 -> 0 | Y52: =H52*$T52*12 -> 0 | Z52: =I52*$T52*12 -> 0 | AA52: =J52*$T52*12 -> 0 | AB52: =K52*$T52*12 -> 0 | ... AD52: =M52*$T52*12 -> 0 | AE52: =SUM(U52:AD52) -> 0
A53: Diepwalle Forest Station | B53: WAN 1 | C53: 10 | D53: 20 | E53: 30 | F53: 30 | G53: 50 | H53: 50 | I53: 50 | J53: 50 | K53: 50 | L53: 50 | M53: 50 | N53: (-33.948513 23.157265) | U53: =D53*$T53*12 -> 0 | V53: =E53*$T53*12 -> 0 | W53: =F53*$T53*12 -> 0 | X53: =G53*$T53*12 -> 0 | Y53: =H53*$T53*12 -> 0 | Z53: =I53*$T53*12 -> 0 | AA53: =J53*$T53*12 -> 0 | AB53: =K53*$T53*12 -> 0 | ... AD53: =M53*$T53*12 -> 0 | AE53: =SUM(U53:AD53) -> 0
... A78: Zuurberg Ranger | B78: WAN 1 | C78: 10 | D78: 20 | E78: 30 | F78: 30 | G78: 50 | H78: 50 | I78: 50 | J78: 50 | K78: 50 | L78: 50 | M78: 50 | N78: ( -33.347351 25.737842) | U78: =D78*$T78*12 -> 0 | V78: =E78*$T78*12 -> 0 | W78: =F78*$T78*12 -> 0 | X78: =G78*$T78*12 -> 0 | Y78: =H78*$T78*12 -> 0 | Z78: =I78*$T78*12 -> 0 | AA78: =J78*$T78*12 -> 0 | AB78: =K78*$T78*12 -> 0 | ... AD78: =M78*$T78*12 -> 0 | AE78: =SUM(U78:AD78) -> 0
A79: Groeneweide | B79: WAN 1 | C79: 10 | D79: 20 | E79: 30 | F79: 30 | G79: 50 | H79: 50 | I79: 50 | J79: 50 | K79: 50 | L79: 50 | M79: 50 | U79: =D79*$T79*12 -> 0 | V79: =E79*$T79*12 -> 0 | W79: =F79*$T79*12 -> 0 | X79: =G79*$T79*12 -> 0 | Y79: =H79*$T79*12 -> 0 | Z79: =I79*$T79*12 -> 0 | AA79: =J79*$T79*12 -> 0 | AB79: =K79*$T79*12 -> 0 | ... AD79: =M79*$T79*12 -> 0 | AE79: =SUM(U79:AD79) -> 0
A80: Heidelberg Factory | B80: WAN 1 | C80: 5 | D80: 10 | E80: 20 | F80: 20 | G80: 20 | H80: 20 | I80: 20 | J80: 20 | K80: 30 | L80: 30 | M80: 30 | N80: (-25.76588 28.204662) | U80: =D80*$T80*12 -> 0 | V80: =E80*$T80*12 -> 0 | W80: =F80*$T80*12 -> 0 | X80: =G80*$T80*12 -> 0 | Y80: =H80*$T80*12 -> 0 | Z80: =I80*$T80*12 -> 0 | AA80: =J80*$T80*12 -> 0 | AB80: =K80*$T80*12 -> 0 | ... AD80: =M80*$T80*12 -> 0 | AE80: =SUM(U80:AD80) -> 0
A81: Bateleur Camp | B81: WAN 1 | C81: 5 | D81: 10 | E81: 20 | F81: 20 | G81: 20 | H81: 20 | I81: 20 | J81: 20 | K81: 30 | L81: 30 | M81: 30 | N81: (-23.233573 31.201531) | U81: =D81*$T81*12 -> 0 | V81: =E81*$T81*12 -> 0 | W81: =F81*$T81*12 -> 0 | X81: =G81*$T81*12 -> 0 | Y81: =H81*$T81*12 -> 0 | Z81: =I81*$T81*12 -> 0 | AA81: =J81*$T81*12 -> 0 | AB81: =K81*$T81*12 -> 0 | ... AD81: =M81*$T81*12 -> 0 | AE81: =SUM(U81:AD81) -> 0
A82: Berg-en-dal Camp | B82: WAN 1 | C82: 10 | D82: 20 | E82: 30 | F82: 30 | G82: 50 | H82: 50 | I82: 50 | J82: 50 | K82: 50 | L82: 50 | M82: 50 | N82: (-25.430806 31.446492) | U82: =D82*$T82*12 -> 0 | V82: =E82*$T82*12 -> 0 | W82: =F82*$T82*12 -> 0 | X82: =G82*$T82*12 -> 0 | Y82: =H82*$T82*12 -> 0 | Z82: =I82*$T82*12 -> 0 | AA82: =J82*$T82*12 -> 0 | AB82: =K82*$T82*12 -> 0 | ... AD82: =M82*$T82*12 -> 0 | AE82: =SUM(U82:AD82) -> 0
A83: Berg-en-dal Camp | B83: WAN 2 | C83: 5 | D83: 20 | E83: 30 | F83: 30 | G83: 50 | H83: 50 | I83: 50 | J83: 50 | K83: 50 | L83: 50 | M83: 50 | N83: (-25.430806 31.446492) | U83: =D83*$T83*12 -> 0 | V83: =E83*$T83*12 -> 0 | W83: =F83*$T83*12 -> 0 | X83: =G83*$T83*12 -> 0 | Y83: =H83*$T83*12 -> 0 | Z83: =I83*$T83*12 -> 0 | AA83: =J83*$T83*12 -> 0 | AB83: =K83*$T83*12 -> 0 | ... AD83: =M83*$T83*12 -> 0 | AE83: =SUM(U83:AD83) -> 0
A84: Biyamiti Camp | B84: WAN 1 | C84: 5 | D84: 10 | E84: 20 | F84: 20 | G84: 20 | H84: 20 | I84: 20 | J84: 20 | K84: 30 | L84: 30 | M84: 30 | N84: (-25.307859 31.710502) | U84: =D84*$T84*12 -> 0 | V84: =E84*$T84*12 -> 0 | W84: =F84*$T84*12 -> 0 | X84: =G84*$T84*12 -> 0 | Y84: =H84*$T84*12 -> 0 | Z84: =I84*$T84*12 -> 0 | AA84: =J84*$T84*12 -> 0 | AB84: =K84*$T84*12 -> 0 | ... AD84: =M84*$T84*12 -> 0 | AE84: =SUM(U84:AD84) -> 0
A85: Crocodile Bridge Camp & Gate | B85: WAN 1 | C85: 50 | D85: 60 | E85: 100 | F85: 100 | G85: 100 | H85: 150 | I85: 150 | J85: 150 | K85: 150 | L85: 150 | M85: 150 | N85: (-25.358727 31.892680) | U85: =D85*$T85*12 -> 0 | V85: =E85*$T85*12 -> 0 | W85: =F85*$T85*12 -> 0 | X85: =G85*$T85*12 -> 0 | Y85: =H85*$T85*12 -> 0 | Z85: =I85*$T85*12 -> 0 | AA85: =J85*$T85*12 -> 0 | AB85: =K85*$T85*12 -> 0 | ... AD85: =M85*$T85*12 -> 0 | AE85: =SUM(U85:AD85) -> 0
A86: Crocodile Bridge Camp & Gate | B86: WAN 2 | C86: 5 | D86: 60 | E86: 100 | F86: 100 | G86: 100 | H86: 150 | I86: 150 | J86: 150 | K86: 150 | L86: 150 | M86: 150 | N86: (-25.358727 31.892680) | U86: =D86*$T86*12 -> 0 | V86: =E86*$T86*12 -> 0 | W86: =F86*$T86*12 -> 0 | X86: =G86*$T86*12 -> 0 | Y86: =H86*$T86*12 -> 0 | Z86: =I86*$T86*12 -> 0 | AA86: =J86*$T86*12 -> 0 | AB86: =K86*$T86*12 -> 0 | ... AD86: =M86*$T86*12 -> 0 | AE86: =SUM(U86:AD86) -> 0
A87: Giriyondo Gate | B87: WAN 1 | C87: 5 | D87: 10 | E87: 20 | F87: 20 | G87: 20 | H87: 20 | I87: 20 | J87: 20 | K87: 30 | L87: 30 | M87: 30 | N87: (-23.584333 31.659524) | U87: =D87*$T87*12 -> 0 | V87: =E87*$T87*12 -> 0 | W87: =F87*$T87*12 -> 0 | X87: =G87*$T87*12 -> 0 | Y87: =H87*$T87*12 -> 0 | Z87: =I87*$T87*12 -> 0 | AA87: =J87*$T87*12 -> 0 | AB87: =K87*$T87*12 -> 0 | ... AD87: =M87*$T87*12 -> 0 | AE87: =SUM(U87:AD87) -> 0
A88: Houtboschrand Ranger | B88: WAN 1 | C88: 5 | D88: 10 | E88: 20 | F88: 20 | G88: 20 | H88: 20 | I88: 20 | J88: 20 | K88: 30 | L88: 30 | M88: 30 | N88: (-24.103332 31.669268) | U88: =D88*$T88*12 -> 0 | V88: =E88*$T88*12 -> 0 | W88: =F88*$T88*12 -> 0 | X88: =G88*$T88*12 -> 0 | Y88: =H88*$T88*12 -> 0 | Z88: =I88*$T88*12 -> 0 | AA88: =J88*$T88*12 -> 0 | AB88: =K88*$T88*12 -> 0 | ... AD88: =M88*$T88*12 -> 0 | AE88: =SUM(U88:AD88) -> 0
A89: Kingfisherspruit Ranger | B89: WAN 1 | C89: 5 | D89: 10 | E89: 20 | F89: 20 | G89: 20 | H89: 20 | I89: 20 | J89: 20 | K89: 30 | L89: 30 | M89: 30 | N89: (-24.460730 31.447147) | U89: =D89*$T89*12 -> 0 | V89: =E89*$T89*12 -> 0 | W89: =F89*$T89*12 -> 0 | X89: =G89*$T89*12 -> 0 | Y89: =H89*$T89*12 -> 0 | Z89: =I89*$T89*12 -> 0 | AA89: =J89*$T89*12 -> 0 | AB89: =K89*$T89*12 -> 0 | ... AD89: =M89*$T89*12 -> 0 | AE89: =SUM(U89:AD89) -> 0
A90: Kruger Gate | B90: WAN 2 | C90: 10 | D90: 60 | E90: 100 | F90: 100 | G90: 100 | H90: 150 | I90: 150 | J90: 150 | K90: 150 | L90: 150 | M90: 150 | N90: (-24.981766 31.484558) | U90: =D90*$T90*12 -> 0 | V90: =E90*$T90*12 -> 0 | W90: =F90*$T90*12 -> 0 | X90: =G90*$T90*12 -> 0 | Y90: =H90*$T90*12 -> 0 | Z90: =I90*$T90*12 -> 0 | AA90: =J90*$T90*12 -> 0 | AB90: =K90*$T90*12 -> 0 | ... AD90: =M90*$T90*12 -> 0 | AE90: =SUM(U90:AD90) -> 0
A91: Kruger Gate | B91: WAN 1 | C91: 50 | D91: 60 | E91: 100 | F91: 100 | G91: 100 | H91: 150 | I91: 150 | J91: 150 | K91: 150 | L91: 150 | M91: 150 | N91: (-24.981091 31.485187) | U91: =D91*$T91*12 -> 0 | V91: =E91*$T91*12 -> 0 | W91: =F91*$T91*12 -> 0 | X91: =G91*$T91*12 -> 0 | Y91: =H91*$T91*12 -> 0 | Z91: =I91*$T91*12 -> 0 | AA91: =J91*$T91*12 -> 0 | AB91: =K91*$T91*12 -> 0 | ... AD91: =M91*$T91*12 -> 0 | AE91: =SUM(U91:AD91) -> 0
A92: Letaba Camp | B92: WAN 1 | C92: 10 | D92: 20 | E92: 30 | F92: 30 | G92: 50 | H92: 50 | I92: 50 | J92: 50 | K92: 50 | L92: 50 | M92: 50 | N92: (-23.853917 31.574675) | U92: =D92*$T92*12 -> 0 | V92: =E92*$T92*12 -> 0 | W92: =F92*$T92*12 -> 0 | X92: =G92*$T92*12 -> 0 | Y92: =H92*$T92*12 -> 0 | Z92: =I92*$T92*12 -> 0 | AA92: =J92*$T92*12 -> 0 | AB92: =K92*$T92*12 -> 0 | ... AD92: =M92*$T92*12 -> 0 | AE92: =SUM(U92:AD92) -> 0
A93: Letaba Camp | B93: WAN 2 | C93: 5/1 | D93: 20 | E93: 30 | F93: 30 | G93: 50 | H93: 50 | I93: 50 | J93: 50 | K93: 50 | L93: 50 | M93: 50 | N93: (-23.853917 31.574675) | U93: =D93*$T93*12 -> 0 | V93: =E93*$T93*12 -> 0 | W93: =F93*$T93*12 -> 0 | X93: =G93*$T93*12 -> 0 | Y93: =H93*$T93*12 -> 0 | Z93: =I93*$T93*12 -> 0 | AA93: =J93*$T93*12 -> 0 | AB93: =K93*$T93*12 -> 0 | ... AD93: =M93*$T93*12 -> 0 | AE93: =SUM(U93:AD93) -> 0
A94: Lower Sabie Camp | B94: WAN 1 | C94: 5 | D94: 10 | E94: 20 | F94: 20 | G94: 20 | H94: 20 | I94: 20 | J94: 20 | K94: 30 | L94: 30 | M94: 30 | N94: (-25.119122 31.916093) | U94: =D94*$T94*12 -> 0 | V94: =E94*$T94*12 -> 0 | W94: =F94*$T94*12 -> 0 | X94: =G94*$T94*12 -> 0 | Y94: =H94*$T94*12 -> 0 | Z94: =I94*$T94*12 -> 0 | AA94: =J94*$T94*12 -> 0 | AB94: =K94*$T94*12 -> 0 | ... AD94: =M94*$T94*12 -> 0 | AE94: =SUM(U94:AD94) -> 0
A95: Lower Sabie Camp | B95: WAN 2 | C95: 8/1 | D95: 10 | E95: 20 | F95: 20 | G95: 20 | H95: 20 | I95: 20 | J95: 20 | K95: 30 | L95: 30 | M95: 30 | N95: (-25.119122 31.916093) | U95: =D95*$T95*12 -> 0 | V95: =E95*$T95*12 -> 0 | W95: =F95*$T95*12 -> 0 | X95: =G95*$T95*12 -> 0 | Y95: =H95*$T95*12 -> 0 | Z95: =I95*$T95*12 -> 0 | AA95: =J95*$T95*12 -> 0 | AB95: =K95*$T95*12 -> 0 | ... AD95: =M95*$T95*12 -> 0 | AE95: =SUM(U95:AD95) -> 0
A96: Mahlangeni Ranger | B96: WAN 1 | C96: 5 | D96: 10 | E96: 20 | F96: 20 | G96: 20 | H96: 20 | I96: 20 | J96: 20 | K96: 30 | L96: 30 | M96: 30 | N96: (-23.648121 31.147560) | U96: =D96*$T96*12 -> 0 | V96: =E96*$T96*12 -> 0 | W96: =F96*$T96*12 -> 0 | X96: =G96*$T96*12 -> 0 | Y96: =H96*$T96*12 -> 0 | Z96: =I96*$T96*12 -> 0 | AA96: =J96*$T96*12 -> 0 | AB96: =K96*$T96*12 -> 0 | ... AD96: =M96*$T96*12 -> 0 | AE96: =SUM(U96:AD96) -> 0
A97: Malelane Gate | B97: WAN 1 | C97: 50 | D97: 60 | E97: 100 | F97: 100 | G97: 100 | H97: 150 | I97: 150 | J97: 150 | K97: 150 | L97: 150 | M97: 150 | N97: (-25.462218 31.532303) | U97: =D97*$T97*12 -> 0 | V97: =E97*$T97*12 -> 0 | W97: =F97*$T97*12 -> 0 | X97: =G97*$T97*12 -> 0 | Y97: =H97*$T97*12 -> 0 | Z97: =I97*$T97*12 -> 0 | AA97: =J97*$T97*12 -> 0 | AB97: =K97*$T97*12 -> 0 | ... AD97: =M97*$T97*12 -> 0 | AE97: =SUM(U97:AD97) -> 0
A98: Malelane Gate | B98: WAN 2 | C98: 10 | D98: 60 | E98: 100 | F98: 100 | G98: 100 | H98: 150 | I98: 150 | J98: 150 | K98: 150 | L98: 150 | M98: 150 | N98: (-25.462218 31.532303) | U98: =D98*$T98*12 -> 0 | V98: =E98*$T98*12 -> 0 | W98: =F98*$T98*12 -> 0 | X98: =G98*$T98*12 -> 0 | Y98: =H98*$T98*12 -> 0 | Z98: =I98*$T98*12 -> 0 | AA98: =J98*$T98*12 -> 0 | AB98: =K98*$T98*12 -> 0 | ... AD98: =M98*$T98*12 -> 0 | AE98: =SUM(U98:AD98) -> 0
A99: Mopani Camp Reception | B99: WAN 1 | C99: 10 | D99: 20 | E99: 30 | F99: 30 | G99: 50 | H99: 50 | I99: 50 | J99: 50 | K99: 50 | L99: 50 | M99: 50 | N99: (-23.521813 31.398641) | U99: =D99*$T99*12 -> 0 | V99: =E99*$T99*12 -> 0 | W99: =F99*$T99*12 -> 0 | X99: =G99*$T99*12 -> 0 | Y99: =H99*$T99*12 -> 0 | Z99: =I99*$T99*12 -> 0 | AA99: =J99*$T99*12 -> 0 | AB99: =K99*$T99*12 -> 0 | ... AD99: =M99*$T99*12 -> 0 | AE99: =SUM(U99:AD99) -> 0
A100: Mopani Camp Reception | B100: WAN 2 | C100: 5/1 | D100: 20 | E100: 30 | F100: 30 | G100: 50 | H100: 50 | I100: 50 | J100: 50 | K100: 50 | L100: 50 | M100: 50 | N100: (-23.521813 31.398641) | U100: =D100*$T100*12 -> 0 | V100: =E100*$T100*12 -> 0 | W100: =F100*$T100*12 -> 0 | X100: =G100*$T100*12 -> 0 | Y100: =H100*$T100*12 -> 0 | Z100: =I100*$T100*12 -> 0 | AA100: =J100*$T100*12 -> 0 | AB100: =K100*$T100*12 -> 0 | ... AD100: =M100*$T100*12 -> 0 | AE100: =SUM(U100:AD100) -> 0
A101: Numbi Gate | B101: WAN 2 | C101: 10 | D101: 60 | E101: 100 | F101: 100 | G101: 100 | H101: 150 | I101: 150 | J101: 150 | K101: 150 | L101: 150 | M101: 150 | N101: (-25.024714 31.241183) | U101: =D101*$T101*12 -> 0 | V101: =E101*$T101*12 -> 0 | W101: =F101*$T101*12 -> 0 | X101: =G101*$T101*12 -> 0 | Y101: =H101*$T101*12 -> 0 | Z101: =I101*$T101*12 -> 0 | AA101: =J101*$T101*12 -> 0 | AB101: =K101*$T101*12 -> 0 | ... AD101: =M101*$T101*12 -> 0 | AE101: =SUM(U101:AD101) -> 0
A102: Numbi Gate | B102: WAN 1 | C102: 50 | D102: 60 | E102: 100 | F102: 100 | G102: 100 | H102: 150 | I102: 150 | J102: 150 | K102: 150 | L102: 150 | M102: 150 | N102: (-25.024714 31.241183) | U102: =D102*$T102*12 -> 0 | V102: =E102*$T102*12 -> 0 | W102: =F102*$T102*12 -> 0 | X102: =G102*$T102*12 -> 0 | Y102: =H102*$T102*12 -> 0 | Z102: =I102*$T102*12 -> 0 | AA102: =J102*$T102*12 -> 0 | AB102: =K102*$T102*12 -> 0 | ... AD102: =M102*$T102*12 -> 0 | AE102: =SUM(U102:AD102) -> 0
A103: Nwanetsi Ranger | B103: WAN 1 | C103: 5 | D103: 10 | E103: 20 | F103: 20 | G103: 20 | H103: 20 | I103: 20 | J103: 20 | K103: 30 | L103: 30 | M103: 30 | N103: (-24.457876 31.976121) | U103: =D103*$T103*12 -> 0 | V103: =E103*$T103*12 -> 0 | W103: =F103*$T103*12 -> 0 | X103: =G103*$T103*12 -> 0 | Y103: =H103*$T103*12 -> 0 | Z103: =I103*$T103*12 -> 0 | AA103: =J103*$T103*12 -> 0 | AB103: =K103*$T103*12 -> 0 | ... AD103: =M103*$T103*12 -> 0 | AE103: =SUM(U103:AD103) -> 0
A104: Olifants Camp | B104: WAN 1 | C104: 10 | D104: 20 | E104: 30 | F104: 30 | G104: 50 | H104: 50 | I104: 50 | J104: 50 | K104: 50 | L104: 50 | M104: 50 | N104: (-24.005258 31.740124) | U104: =D104*$T104*12 -> 0 | V104: =E104*$T104*12 -> 0 | W104: =F104*$T104*12 -> 0 | X104: =G104*$T104*12 -> 0 | Y104: =H104*$T104*12 -> 0 | Z104: =I104*$T104*12 -> 0 | AA104: =J104*$T104*12 -> 0 | AB104: =K104*$T104*12 -> 0 | ... AD104: =M104*$T104*12 -> 0 | AE104: =SUM(U104:AD104) -> 0
A105: Olifants Camp | B105: WAN 2 | C105: 5/1 | D105: 20 | E105: 30 | F105: 30 | G105: 50 | H105: 50 | I105: 50 | J105: 50 | K105: 50 | L105: 50 | M105: 50 | N105: (-24.005258 31.740124) | U105: =D105*$T105*12 -> 0 | V105: =E105*$T105*12 -> 0 | W105: =F105*$T105*12 -> 0 | X105: =G105*$T105*12 -> 0 | Y105: =H105*$T105*12 -> 0 | Z105: =I105*$T105*12 -> 0 | AA105: =J105*$T105*12 -> 0 | AB105: =K105*$T105*12 -> 0 | ... AD105: =M105*$T105*12 -> 0 | AE105: =SUM(U105:AD105) -> 0
A106: Orpen Camp | B106: WAN 1 | C106: 10 | D106: 20 | E106: 30 | F106: 30 | G106: 50 | H106: 50 | I106: 50 | J106: 50 | K106: 50 | L106: 50 | M106: 50 | N106: (-24.475925 31.390885) | U106: =D106*$T106*12 -> 0 | V106: =E106*$T106*12 -> 0 | W106: =F106*$T106*12 -> 0 | X106: =G106*$T106*12 -> 0 | Y106: =H106*$T106*12 -> 0 | Z106: =I106*$T106*12 -> 0 | AA106: =J106*$T106*12 -> 0 | AB106: =K106*$T106*12 -> 0 | ... AD106: =M106*$T106*12 -> 0 | AE106: =SUM(U106:AD106) -> 0
A107: Orpen Gate | B107: WAN 1 | C107: 10 | D107: 20 | E107: 30 | F107: 30 | G107: 50 | H107: 50 | I107: 50 | J107: 50 | K107: 50 | L107: 50 | M107: 50 | N107: (-24.481066 31.390123) | U107: =D107*$T107*12 -> 0 | V107: =E107*$T107*12 -> 0 | W107: =F107*$T107*12 -> 0 | X107: =G107*$T107*12 -> 0 | Y107: =H107*$T107*12 -> 0 | Z107: =I107*$T107*12 -> 0 | AA107: =J107*$T107*12 -> 0 | AB107: =K107*$T107*12 -> 0 | ... AD107: =M107*$T107*12 -> 0 | AE107: =SUM(U107:AD107) -> 0
A108: Orpen Gate | B108: WAN 2 | C108: 10 | D108: 20 | E108: 30 | F108: 30 | G108: 50 | H108: 50 | I108: 50 | J108: 50 | K108: 50 | L108: 50 | M108: 50 | N108: (-24.481066 31.390123) | U108: =D108*$T108*12 -> 0 | V108: =E108*$T108*12 -> 0 | W108: =F108*$T108*12 -> 0 | X108: =G108*$T108*12 -> 0 | Y108: =H108*$T108*12 -> 0 | Z108: =I108*$T108*12 -> 0 | AA108: =J108*$T108*12 -> 0 | AB108: =K108*$T108*12 -> 0 | ... AD108: =M108*$T108*12 -> 0 | AE108: =SUM(U108:AD108) -> 0
A109: Pafuri Border Camp - Wireless link to Pafuri Ranger | B109: WAN 1 | C109: 10 | D109: 20 | E109: 30 | F109: 30 | G109: 50 | H109: 50 | I109: 50 | J109: 50 | K109: 50 | L109: 50 | M109: 50 | N109: (-22.450362 31.309762) | U109: =D109*$T109*12 -> 0 | V109: =E109*$T109*12 -> 0 | W109: =F109*$T109*12 -> 0 | X109: =G109*$T109*12 -> 0 | Y109: =H109*$T109*12 -> 0 | Z109: =I109*$T109*12 -> 0 | AA109: =J109*$T109*12 -> 0 | AB109: =K109*$T109*12 -> 0 | ... AD109: =M109*$T109*12 -> 0 | AE109: =SUM(U109:AD109) -> 0
A110: Pafuri Gate | B110: WAN 1 | C110: 5 | D110: 10 | E110: 20 | F110: 20 | G110: 20 | H110: 20 | I110: 20 | J110: 20 | K110: 30 | L110: 30 | M110: 30 | N110: (-22.399875 31.041291) | U110: =D110*$T110*12 -> 0 | V110: =E110*$T110*12 -> 0 | W110: =F110*$T110*12 -> 0 | X110: =G110*$T110*12 -> 0 | Y110: =H110*$T110*12 -> 0 | Z110: =I110*$T110*12 -> 0 | AA110: =J110*$T110*12 -> 0 | AB110: =K110*$T110*12 -> 0 | ... AD110: =M110*$T110*12 -> 0 | AE110: =SUM(U110:AD110) -> 0
A111: Pafuri Ranger | B111: WAN 1 | C111: 10 | D111: 20 | E111: 30 | F111: 30 | G111: 50 | H111: 50 | I111: 50 | J111: 50 | K111: 50 | L111: 50 | M111: 50 | N111: (-22.450692 31.310721) | U111: =D111*$T111*12 -> 0 | V111: =E111*$T111*12 -> 0 | W111: =F111*$T111*12 -> 0 | X111: =G111*$T111*12 -> 0 | Y111: =H111*$T111*12 -> 0 | Z111: =I111*$T111*12 -> 0 | AA111: =J111*$T111*12 -> 0 | AB111: =K111*$T111*12 -> 0 | ... AD111: =M111*$T111*12 -> 0 | AE111: =SUM(U111:AD111) -> 0
A112: Phabeni Gate | B112: WAN 2 | C112: 10 | D112: 60 | E112: 100 | F112: 100 | G112: 100 | H112: 150 | I112: 150 | J112: 150 | K112: 150 | L112: 150 | M112: 150 | N112: (-25.024714 31.241183) | U112: =D112*$T112*12 -> 0 | V112: =E112*$T112*12 -> 0 | W112: =F112*$T112*12 -> 0 | X112: =G112*$T112*12 -> 0 | Y112: =H112*$T112*12 -> 0 | Z112: =I112*$T112*12 -> 0 | AA112: =J112*$T112*12 -> 0 | AB112: =K112*$T112*12 -> 0 | ... AD112: =M112*$T112*12 -> 0 | AE112: =SUM(U112:AD112) -> 0
A113: Phabeni Gate | B113: WAN 1 | C113: 50 | D113: 60 | E113: 100 | F113: 100 | G113: 100 | H113: 150 | I113: 150 | J113: 150 | K113: 150 | L113: 150 | M113: 150 | N113: (-25.024714 31.241183) | U113: =D113*$T113*12 -> 0 | V113: =E113*$T113*12 -> 0 | W113: =F113*$T113*12 -> 0 | X113: =G113*$T113*12 -> 0 | Y113: =H113*$T113*12 -> 0 | Z113: =I113*$T113*12 -> 0 | AA113: =J113*$T113*12 -> 0 | AB113: =K113*$T113*12 -> 0 | ... AD113: =M113*$T113*12 -> 0 | AE113: =SUM(U113:AD113) -> 0
A114: Phalaborwa Gate | B114: WAN 1 | C114: 10 | D114: 20 | E114: 30 | F114: 30 | G114: 50 | H114: 50 | I114: 50 | J114: 50 | K114: 50 | L114: 50 | M114: 50 | N114: (-23.945596 31.165820) | U114: =D114*$T114*12 -> 0 | V114: =E114*$T114*12 -> 0 | W114: =F114*$T114*12 -> 0 | X114: =G114*$T114*12 -> 0 | Y114: =H114*$T114*12 -> 0 | Z114: =I114*$T114*12 -> 0 | AA114: =J114*$T114*12 -> 0 | AB114: =K114*$T114*12 -> 0 | ... AD114: =M114*$T114*12 -> 0 | AE114: =SUM(U114:AD114) -> 0
A115: Phalaborwa Gate | B115: WAN 2 | C115: 10 | D115: 20 | E115: 30 | F115: 30 | G115: 50 | H115: 50 | I115: 50 | J115: 50 | K115: 50 | L115: 50 | M115: 50 | N115: (-23.945596 31.165820) | U115: =D115*$T115*12 -> 0 | V115: =E115*$T115*12 -> 0 | W115: =F115*$T115*12 -> 0 | X115: =G115*$T115*12 -> 0 | Y115: =H115*$T115*12 -> 0 | Z115: =I115*$T115*12 -> 0 | AA115: =J115*$T115*12 -> 0 | AB115: =K115*$T115*12 -> 0 | ... AD115: =M115*$T115*12 -> 0 | AE115: =SUM(U115:AD115) -> 0
A116: Pretoriuskop Camp | B116: WAN 1 | C116: 10 | D116: 20 | E116: 30 | F116: 30 | G116: 50 | H116: 50 | I116: 50 | J116: 50 | K116: 50 | L116: 50 | M116: 50 | N116: (-25.169380 31.268835) | U116: =D116*$T116*12 -> 0 | V116: =E116*$T116*12 -> 0 | W116: =F116*$T116*12 -> 0 | X116: =G116*$T116*12 -> 0 | Y116: =H116*$T116*12 -> 0 | Z116: =I116*$T116*12 -> 0 | AA116: =J116*$T116*12 -> 0 | AB116: =K116*$T116*12 -> 0 | ... AD116: =M116*$T116*12 -> 0 | AE116: =SUM(U116:AD116) -> 0
A117: Pretoriuskop Camp | B117: WAN 2 | C117: 5 | D117: 20 | E117: 30 | F117: 30 | G117: 50 | H117: 50 | I117: 50 | J117: 50 | K117: 50 | L117: 50 | M117: 50 | N117: (-25.169380 31.268835) | U117: =D117*$T117*12 -> 0 | V117: =E117*$T117*12 -> 0 | W117: =F117*$T117*12 -> 0 | X117: =G117*$T117*12 -> 0 | Y117: =H117*$T117*12 -> 0 | Z117: =I117*$T117*12 -> 0 | AA117: =J117*$T117*12 -> 0 | AB117: =K117*$T117*12 -> 0 | ... AD117: =M117*$T117*12 -> 0 | AE117: =SUM(U117:AD117) -> 0
... A122: Satara Camp | B122: WAN 1 | C122: 10 | D122: 20 | E122: 30 | F122: 30 | G122: 50 | H122: 50 | I122: 50 | J122: 50 | K122: 50 | L122: 50 | M122: 50 | N122: (-24.995970 31.596564) | U122: =D122*$T122*12 -> 0 | V122: =E122*$T122*12 -> 0 | W122: =F122*$T122*12 -> 0 | X122: =G122*$T122*12 -> 0 | Y122: =H122*$T122*12 -> 0 | Z122: =I122*$T122*12 -> 0 | AA122: =J122*$T122*12 -> 0 | AB122: =K122*$T122*12 -> 0 | ... AD122: =M122*$T122*12 -> 0 | AE122: =SUM(U122:AD122) -> 0
A123: Satara Camp | B123: WAN 2 | C123: 5/1 | D123: 20 | E123: 30 | F123: 30 | G123: 50 | H123: 50 | I123: 50 | J123: 50 | K123: 50 | L123: 50 | M123: 50 | N123: (-24.995970 31.596564) | U123: =D123*$T123*12 -> 0 | V123: =E123*$T123*12 -> 0 | W123: =F123*$T123*12 -> 0 | X123: =G123*$T123*12 -> 0 | Y123: =H123*$T123*12 -> 0 | Z123: =I123*$T123*12 -> 0 | AA123: =J123*$T123*12 -> 0 | AB123: =K123*$T123*12 -> 0 | ... AD123: =M123*$T123*12 -> 0 | AE123: =SUM(U123:AD123) -> 0
A124: Shangoni Ranger | B124: WAN 1 | C124: 5 | D124: 10 | E124: 20 | F124: 20 | G124: 20 | H124: 20 | I124: 20 | J124: 20 | K124: 30 | L124: 30 | M124: 30 | N124: (-23.168533 30.943921) | U124: =D124*$T124*12 -> 0 | V124: =E124*$T124*12 -> 0 | W124: =F124*$T124*12 -> 0 | X124: =G124*$T124*12 -> 0 | Y124: =H124*$T124*12 -> 0 | Z124: =I124*$T124*12 -> 0 | AA124: =J124*$T124*12 -> 0 | AB124: =K124*$T124*12 -> 0 | ... AD124: =M124*$T124*12 -> 0 | AE124: =SUM(U124:AD124) -> 0
A125: Shimuwini Camp | B125: WAN 1 | C125: 10 | D125: 20 | E125: 30 | F125: 30 | G125: 50 | H125: 50 | I125: 50 | J125: 50 | K125: 50 | L125: 50 | M125: 50 | N125: (-23.714615 31.266001 ) | U125: =D125*$T125*12 -> 0 | V125: =E125*$T125*12 -> 0 | W125: =F125*$T125*12 -> 0 | X125: =G125*$T125*12 -> 0 | Y125: =H125*$T125*12 -> 0 | Z125: =I125*$T125*12 -> 0 | AA125: =J125*$T125*12 -> 0 | AB125: =K125*$T125*12 -> 0 | ... AD125: =M125*$T125*12 -> 0 | AE125: =SUM(U125:AD125) -> 0
A126: Shingwedzi Camp | B126: WAN 1 | C126: 10 | D126: 20 | E126: 30 | F126: 30 | G126: 50 | H126: 50 | I126: 50 | J126: 50 | K126: 50 | L126: 50 | M126: 50 | N126: (-23.108169 31.435624) | U126: =D126*$T126*12 -> 0 | V126: =E126*$T126*12 -> 0 | W126: =F126*$T126*12 -> 0 | X126: =G126*$T126*12 -> 0 | Y126: =H126*$T126*12 -> 0 | Z126: =I126*$T126*12 -> 0 | AA126: =J126*$T126*12 -> 0 | AB126: =K126*$T126*12 -> 0 | ... AD126: =M126*$T126*12 -> 0 | AE126: =SUM(U126:AD126) -> 0
A127: Shingwedzi Camp | B127: WAN 2 | C127: 5/1 | D127: 20 | E127: 30 | F127: 30 | G127: 50 | H127: 50 | I127: 50 | J127: 50 | K127: 50 | L127: 50 | M127: 50 | N127: (-23.108169 31.435624) | U127: =D127*$T127*12 -> 0 | V127: =E127*$T127*12 -> 0 | W127: =F127*$T127*12 -> 0 | X127: =G127*$T127*12 -> 0 | Y127: =H127*$T127*12 -> 0 | Z127: =I127*$T127*12 -> 0 | AA127: =J127*$T127*12 -> 0 | AB127: =K127*$T127*12 -> 0 | ... AD127: =M127*$T127*12 -> 0 | AE127: =SUM(U127:AD127) -> 0
A128: Shingwedzi Ranger | B128: WAN 1 | C128: 10 | D128: 20 | E128: 30 | F128: 30 | G128: 50 | H128: 50 | I128: 50 | J128: 50 | K128: 50 | L128: 50 | M128: 50 | N128: ( -23.117911 31.433341) | U128: =D128*$T128*12 -> 0 | V128: =E128*$T128*12 -> 0 | W128: =F128*$T128*12 -> 0 | X128: =G128*$T128*12 -> 0 | Y128: =H128*$T128*12 -> 0 | Z128: =I128*$T128*12 -> 0 | AA128: =J128*$T128*12 -> 0 | AB128: =K128*$T128*12 -> 0 | ... AD128: =M128*$T128*12 -> 0 | AE128: =SUM(U128:AD128) -> 0
A129: Skukuza Camp | B129: WAN 1 | C129: 100 | D129: 120 | E129: 150 | F129: 200 | G129: 200 | H129: 500 | I129: 500 | J129: 500 | K129: 500 | L129: 500 | M129: 500 | N129: (-24.995970 31.596564) | U129: =D129*$T129*12 -> 0 | V129: =E129*$T129*12 -> 0 | W129: =F129*$T129*12 -> 0 | X129: =G129*$T129*12 -> 0 | Y129: =H129*$T129*12 -> 0 | Z129: =I129*$T129*12 -> 0 | AA129: =J129*$T129*12 -> 0 | AB129: =K129*$T129*12 -> 0 | ... AD129: =M129*$T129*12 -> 0 | AE129: =SUM(U129:AD129) -> 0
A130: Stolsnek Ranger | B130: WAN 1 | C130: 5 | D130: 10 | E130: 20 | F130: 20 | G130: 20 | H130: 20 | I130: 20 | J130: 20 | K130: 30 | L130: 30 | M130: 30 | N130: (-25.326719 31.391273) | U130: =D130*$T130*12 -> 0 | V130: =E130*$T130*12 -> 0 | W130: =F130*$T130*12 -> 0 | X130: =G130*$T130*12 -> 0 | Y130: =H130*$T130*12 -> 0 | Z130: =I130*$T130*12 -> 0 | AA130: =J130*$T130*12 -> 0 | AB130: =K130*$T130*12 -> 0 | ... AD130: =M130*$T130*12 -> 0 | AE130: =SUM(U130:AD130) -> 0
A131: Talamati Camp | B131: WAN 1 | C131: 10 | D131: 20 | E131: 30 | F131: 30 | G131: 50 | H131: 50 | I131: 50 | J131: 50 | K131: 50 | L131: 50 | M131: 50 | N131: (-24.556048 31.555438) | U131: =D131*$T131*12 -> 0 | V131: =E131*$T131*12 -> 0 | W131: =F131*$T131*12 -> 0 | X131: =G131*$T131*12 -> 0 | Y131: =H131*$T131*12 -> 0 | Z131: =I131*$T131*12 -> 0 | AA131: =J131*$T131*12 -> 0 | AB131: =K131*$T131*12 -> 0 | ... AD131: =M131*$T131*12 -> 0 | AE131: =SUM(U131:AD131) -> 0
A132: Tshokwane Ranger | B132: WAN 1 | C132: 5 | D132: 10 | E132: 20 | F132: 20 | G132: 20 | H132: 20 | I132: 20 | J132: 20 | K132: 30 | L132: 30 | M132: 30 | N132: (-24.783437 31.858630) | U132: =D132*$T132*12 -> 0 | V132: =E132*$T132*12 -> 0 | W132: =F132*$T132*12 -> 0 | X132: =G132*$T132*12 -> 0 | Y132: =H132*$T132*12 -> 0 | Z132: =I132*$T132*12 -> 0 | AA132: =J132*$T132*12 -> 0 | AB132: =K132*$T132*12 -> 0 | ... AD132: =M132*$T132*12 -> 0 | AE132: =SUM(U132:AD132) -> 0
A133: Vlakteplaas Ranger | B133: WAN 1 | C133: 10 | D133: 20 | E133: 30 | F133: 30 | G133: 50 | H133: 50 | I133: 50 | J133: 50 | K133: 50 | L133: 50 | M133: 50 | N133: (-22.871458 31.230580) | U133: =D133*$T133*12 -> 0 | V133: =E133*$T133*12 -> 0 | W133: =F133*$T133*12 -> 0 | X133: =G133*$T133*12 -> 0 | Y133: =H133*$T133*12 -> 0 | Z133: =I133*$T133*12 -> 0 | AA133: =J133*$T133*12 -> 0 | AB133: =K133*$T133*12 -> 0 | ... AD133: =M133*$T133*12 -> 0 | AE133: =SUM(U133:AD133) -> 0
A134: Woodlands Ranger | B134: WAN 1 | C134: 5 | D134: 10 | E134: 20 | F134: 20 | G134: 20 | H134: 20 | I134: 20 | J134: 20 | K134: 30 | L134: 30 | M134: 30 | N134: (-23.221429 31.212574) | U134: =D134*$T134*12 -> 0 | V134: =E134*$T134*12 -> 0 | W134: =F134*$T134*12 -> 0 | X134: =G134*$T134*12 -> 0 | Y134: =H134*$T134*12 -> 0 | Z134: =I134*$T134*12 -> 0 | AA134: =J134*$T134*12 -> 0 | AB134: =K134*$T134*12 -> 0 | ... AD134: =M134*$T134*12 -> 0 | AE134: =SUM(U134:AD134) -> 0
A135: Mapungubwe Gate | B135: WAN 1 | C135: 50 | D135: 60 | E135: 100 | F135: 100 | G135: 100 | H135: 150 | I135: 150 | J135: 150 | K135: 150 | L135: 150 | M135: 150 | N135: (-22.243332 29.400471) | U135: =D135*$T135*12 -> 0 | V135: =E135*$T135*12 -> 0 | W135: =F135*$T135*12 -> 0 | X135: =G135*$T135*12 -> 0 | Y135: =H135*$T135*12 -> 0 | Z135: =I135*$T135*12 -> 0 | AA135: =J135*$T135*12 -> 0 | AB135: =K135*$T135*12 -> 0 | ... AD135: =M135*$T135*12 -> 0 | AE135: =SUM(U135:AD135) -> 0
A136: Mapungubwe Gate | B136: WAN 2 | C136: 10 | D136: 60 | E136: 100 | F136: 100 | G136: 100 | H136: 150 | I136: 150 | J136: 150 | K136: 150 | L136: 150 | M136: 150 | N136: (-22.243332 29.400471) | U136: =D136*$T136*12 -> 0 | V136: =E136*$T136*12 -> 0 | W136: =F136*$T136*12 -> 0 | X136: =G136*$T136*12 -> 0 | Y136: =H136*$T136*12 -> 0 | Z136: =I136*$T136*12 -> 0 | AA136: =J136*$T136*12 -> 0 | AB136: =K136*$T136*12 -> 0 | ... AD136: =M136*$T136*12 -> 0 | AE136: =SUM(U136:AD136) -> 0
A137: Dithabaneng Ranger | B137: WAN 1 | C137: 2 | D137: 10 | E137: 20 | F137: 20 | G137: 20 | H137: 20 | I137: 20 | J137: 20 | K137: 30 | L137: 30 | M137: 30 | N137: (-24.50061 27.53186) | U137: =D137*$T137*12 -> 0 | V137: =E137*$T137*12 -> 0 | W137: =F137*$T137*12 -> 0 | X137: =G137*$T137*12 -> 0 | Y137: =H137*$T137*12 -> 0 | Z137: =I137*$T137*12 -> 0 | AA137: =J137*$T137*12 -> 0 | AB137: =K137*$T137*12 -> 0 | ... AD137: =M137*$T137*12 -> 0 | AE137: =SUM(U137:AD137) -> 0
A138: Marakele Gate | B138: WAN 1 | C138: 30 | D138: 40 | E138: 50 | F138: 100 | G138: 100 | H138: 100 | I138: 100 | J138: 100 | K138: 100 | L138: 100 | M138: 100 | N138: (-24.53091 27.49769) | U138: =D138*$T138*12 -> 0 | V138: =E138*$T138*12 -> 0 | W138: =F138*$T138*12 -> 0 | X138: =G138*$T138*12 -> 0 | Y138: =H138*$T138*12 -> 0 | Z138: =I138*$T138*12 -> 0 | AA138: =J138*$T138*12 -> 0 | AB138: =K138*$T138*12 -> 0 | ... AD138: =M138*$T138*12 -> 0 | AE138: =SUM(U138:AD138) -> 0
A139: Marakele Gate | B139: WAN 2 | C139: 30 | D139: 40 | E139: 50 | F139: 100 | G139: 100 | H139: 100 | I139: 100 | J139: 100 | K139: 100 | L139: 100 | M139: 100 | N139: (-24.53091 27.49769) | U139: =D139*$T139*12 -> 0 | V139: =E139*$T139*12 -> 0 | W139: =F139*$T139*12 -> 0 | X139: =G139*$T139*12 -> 0 | Y139: =H139*$T139*12 -> 0 | Z139: =I139*$T139*12 -> 0 | AA139: =J139*$T139*12 -> 0 | AB139: =K139*$T139*12 -> 0 | ... AD139: =M139*$T139*12 -> 0 | AE139: =SUM(U139:AD139) -> 0
... A148: Lilydale Camp | B148: WAN 1 | C148: 15 | D148: 20 | E148: 30 | F148: 30 | G148: 50 | H148: 50 | I148: 50 | J148: 50 | K148: 50 | L148: 50 | M148: 50 | N148: (-29.038565 24.503524) | U148: =D148*$T148*12 -> 0 | V148: =E148*$T148*12 -> 0 | W148: =F148*$T148*12 -> 0 | X148: =G148*$T148*12 -> 0 | Y148: =H148*$T148*12 -> 0 | Z148: =I148*$T148*12 -> 0 | AA148: =J148*$T148*12 -> 0 | AB148: =K148*$T148*12 -> 0 | ... AD148: =M148*$T148*12 -> 0 | AE148: =SUM(U148:AD148) -> 0
A149: Mata Mata Camp | B149: WAN 1 | C149: 8/2 | D149: 10 | E149: 20 | F149: 20 | G149: 20 | H149: 20 | I149: 20 | J149: 20 | K149: 30 | L149: 30 | M149: 30 | N149: (-25.767194 19.999897) | U149: =D149*$T149*12 -> 0 | V149: =E149*$T149*12 -> 0 | W149: =F149*$T149*12 -> 0 | X149: =G149*$T149*12 -> 0 | Y149: =H149*$T149*12 -> 0 | Z149: =I149*$T149*12 -> 0 | AA149: =J149*$T149*12 -> 0 | AB149: =K149*$T149*12 -> 0 | ... AD149: =M149*$T149*12 -> 0 | AE149: =SUM(U149:AD149) -> 0
A150: Mata Mata Camp | B150: WAN 2 | C150: 18/4 | D150: 30 | E150: 50 | F150: 50 | G150: 50 | H150: 100 | I150: 100 | J150: 100 | K150: 100 | L150: 100 | M150: 100 | N150: (-25.767194 19.999897) | U150: =D150*$T150*12 -> 0 | V150: =E150*$T150*12 -> 0 | W150: =F150*$T150*12 -> 0 | X150: =G150*$T150*12 -> 0 | Y150: =H150*$T150*12 -> 0 | Z150: =I150*$T150*12 -> 0 | AA150: =J150*$T150*12 -> 0 | AB150: =K150*$T150*12 -> 0 | ... AD150: =M150*$T150*12 -> 0 | AE150: =SUM(U150:AD150) -> 0
A151: Mosu Lodge | B151: WAN 1 | C151: 10 | D151: 20 | E151: 30 | F151: 30 | G151: 50 | H151: 50 | I151: 50 | J151: 50 | K151: 50 | L151: 50 | M151: 50 | N151: (-29.172543 24.350134) | U151: =D151*$T151*12 -> 0 | V151: =E151*$T151*12 -> 0 | W151: =F151*$T151*12 -> 0 | X151: =G151*$T151*12 -> 0 | Y151: =H151*$T151*12 -> 0 | Z151: =I151*$T151*12 -> 0 | AA151: =J151*$T151*12 -> 0 | AB151: =K151*$T151*12 -> 0 | ... AD151: =M151*$T151*12 -> 0 | AE151: =SUM(U151:AD151) -> 0
A152: Mosu Lodge | B152: WAN 2 | C152: 10 | D152: 20 | E152: 30 | F152: 30 | G152: 50 | H152: 50 | I152: 50 | J152: 50 | K152: 50 | L152: 50 | M152: 50 | N152: (-29.172543 24.350134) | U152: =D152*$T152*12 -> 0 | V152: =E152*$T152*12 -> 0 | W152: =F152*$T152*12 -> 0 | X152: =G152*$T152*12 -> 0 | Y152: =H152*$T152*12 -> 0 | Z152: =I152*$T152*12 -> 0 | AA152: =J152*$T152*12 -> 0 | AB152: =K152*$T152*12 -> 0 | ... AD152: =M152*$T152*12 -> 0 | AE152: =SUM(U152:AD152) -> 0
A153: Nossob Camp | B153: WAN 1 | C153: 8 | D153: 10 | E153: 20 | F153: 20 | G153: 20 | H153: 20 | I153: 20 | J153: 20 | K153: 30 | L153: 30 | M153: 30 | N153: (-25.42128 20.596729) | U153: =D153*$T153*12 -> 0 | V153: =E153*$T153*12 -> 0 | W153: =F153*$T153*12 -> 0 | X153: =G153*$T153*12 -> 0 | Y153: =H153*$T153*12 -> 0 | Z153: =I153*$T153*12 -> 0 | AA153: =J153*$T153*12 -> 0 | AB153: =K153*$T153*12 -> 0 | ... AD153: =M153*$T153*12 -> 0 | AE153: =SUM(U153:AD153) -> 0
A154: Nossob Camp | B154: WAN 2 | C154: 18/4 | D154: 30 | E154: 50 | F154: 50 | G154: 50 | H154: 100 | I154: 100 | J154: 100 | K154: 100 | L154: 100 | M154: 100 | N154: (-25.42128 20.596729) | U154: =D154*$T154*12 -> 0 | V154: =E154*$T154*12 -> 0 | W154: =F154*$T154*12 -> 0 | X154: =G154*$T154*12 -> 0 | Y154: =H154*$T154*12 -> 0 | Z154: =I154*$T154*12 -> 0 | AA154: =J154*$T154*12 -> 0 | AB154: =K154*$T154*12 -> 0 | ... AD154: =M154*$T154*12 -> 0 | AE154: =SUM(U154:AD154) -> 0
...

Sheet 1G - Capability
A1: Bidders are required to put forward their proposed technical support resources as part of their submissions, aligned to the suggested number of personnel indicated in the tender. It must be noted that this represents an upper limit of resources that may be required and not a fixed allocation. During contract negotiations, SANParks will engage with the successful bidder to review the skills, qualifications, and capabilities of the proposed personnel, and determine the final resource requirements. This process will ensure that the right expertise is in place to meet SANParks’ needs effectively, while avoiding unnecessary duplication of roles or costs.
A3: Please identify all skilled personnel that will be involved in this project
A4: Functional Area | B4: Description | C4: Required Certification | D4: Points | E4: =(E5+E10+E15+E20+E25+E30+E35+E40+E45+E50+E55+E60+E65+E70+E75+E80+E85+E91+E96+E101+E106+E111+E116+E121+E126+E131+E136+E141+E146+E151+E156+E161+E166)/33 -> 0 | F4: Scoring criteria | G4: No of Resources | H4: Names of resources | I4: CV attached
A5: Networks | B5: Senior Network Engineer | C5: Network certifications (CCIE or similar) | D5: 20 | F5: (20 Points) Certified and >5 years’ experience
F6: (16 Points) Certified and 4 years’ experience
F7: (12 Points) Certified and 3 years’ experience
F8: (0 Points) Certified and <3 year’ experience
B10: Network Engineer | C10: Network certifications (CCNP or similar) | D10: 20 | F10: (20 Points) Certified and >5 years’ experience
F11: (16 Points) Certified and 4 years’ experience
F12: (12 Points) Certified and 3 years’ experience
F13: (0 Points) Certified and <3 year’ experience
B15: Network Technician | C15: Network certifications (N+, CCNA or similar) | D15: 20 | F15: (20 Points) Certified and >5 years’ experience
F16: (16 Points) Certified and 4 years’ experience
F17: (12 Points) Certified and 3 years’ experience
F18: (0 Points) Certified and <3 year’ experience
A20: Patch Management | B20: Senior Engineer | C20: Any certification aligned with the tool proposed by the bidder | D20: 10 | F20: (10 Points) Certified and >5 years’ experience
F21: (8 Points) Certified and 4 years’ experience
F22: (6 Points) Certified and 3 years’ experience
F23: (0 Points) Certified and <3 year’ experience
A25: Governance | B25: Assessor / Implementer | C25: CoBIT 2019 and Implementation/CGEIT or similar | D25: 10 | F25: (10 Points) Certified and >5 years’ experience
F26: (8 Points) Certified and 4 years’ experience
F27: (6 Points) Certified and 3 years’ experience
F28: (0 Points) Certified and <3 year’ experience
A30: Enterprise Architecture Scope of Work | B30: Senior Consultant | C30: TOGAF or similar | D30: 10 | F30: (10 Points) Certified and >5 years’ experience
F31: (8 Points) Certified and 4 years’ experience
F32: (6 Points) Certified and 3 years’ experience
F33: (0 Points) Certified and <3 year’ experience
A35: Project Management | B35: Senior PM | C35: PMBOK / | D35: 10 | F35: (10 Points) Certified and >5 years’ experience
C36: PRINCE2™ or similar | F36: (8 Points) Certified and 4 years’ experience
F37: (6 Points) Certified and 3 years’ experience
F38: (0 Points) Certified and <3 year’ experience
A40: Cloud | B40: Senior Engineer | C40: Relevant certification to the cloud solution provided by the bidder | D40: 20 | F40: (20 Points) Certified and >5 years’ experience
F41: (16 Points) Certified and 4 years’ experience
F42: (12 Points) Certified and 3 years’ experience
F43: (0 Points) Certified and <3 year’ experience
B45: Engineer | C45: Relevant certification to the cloud solution provided by the bidder | D45: 20 | F45: (20 Points) Certified and >5 years’ experience
F46: (16 Points) Certified and 4 years’ experience
F47: (12 Points) Certified and 3 years’ experience
F48: (0 Points) Certified and <3 year’ experience
A50: Disaster Recovery | B50: Senior Engineer | C50: Business Continuity Practitioner (S-BCP), DR Certified Specialist (DRCS), CFCP or similar certificates | D50: 10 | F50: (10 Points) Certified and >5 years’ experience
F51: (8 Points) Certified and 4 years’ experience
F52: (6 Points) Certified and 3 years’ experience
F53: (0 Points) Certified and <3 year’ experience
B55: Engineer | C55: Business Continuity Practitioner (S-BCP), DR Certified Specialist (DRCS), CFCP or similar certificates | D55: 10 | F55: (10 Points) Certified and >5 years’ experience
F56: (8 Points) Certified and 4 years’ experience
F57: (6 Points) Certified and 3 years’ experience
F58: (0 Points) Certified and <3 year’ experience
A60: Desktop Support | B60: Senior Engineer | C60: CompTIA A+, ITF+, Modern Workplace/Windows (MD-102, Windows 10/11, M365, Device Management) | D60: 20 | F60: (20 Points) Certified and >5 years’ experience
F61: (16 Points) Certified and 4 years’ experience
F62: (12 Points) Certified and 3 years’ experience
F63: (0 Points) Certified and <3 year’ experience
B65: Desktop Support Technician | C65: CompTIA A+, ITF+, Modern Workplace/Windows (MD-102, Windows 10/11, M365, Device Management) | D65: 20 | F65: (20 Points) Certified and >5 years’ experience
F66: (16 Points) Certified and 4 years’ experience
F67: (12 Points) Certified and 3 years’ experience
F68: (0 Points) Certified and <3 year’ experience
A70: Windows Servers | B70: Senior Engineer | C70: Windows Server Hybrid Administrator Associate or similar certificates | D70: 20 | F70: (20 Points) Certified and >5 years’ experience
F71: (16 Points) Certified and 4 years’ experience
F72: (12 Points) Certified and 3 years’ experience
F73: (0 Points) Certified and <3 year’ experience
B75: Engineer | C75: Windows Server Hybrid Administrator Associate or similar certificates | D75: 10 | F75: (10 Points) Certified and >5 years’ experience
F76: (8 Points) Certified and 4 years’ experience
F77: (6 Points) Certified and 3 years’ experience
F78: (0 Points) Certified and <3 year’ experience
A80: Linux Servers | B80: Senior Engineer | C80: The resource must hold a recognised certification in Linux system administration (e.g., RHCE, LPIC-2, or CompTIA Linux+), a vendor certification in MySQL database administration (e.g., Oracle OCP MySQL), and a PHP development certification (e.g., Zend Certified PHP Engineer). Equivalent proven qualifications or demonstrable hands-on experience with Apache administration will also be considered. | D80: 20 | F80: (20 Points) Certified and >5 years’ experience
F81: (16 Points) Certified and 4 years’ experience
F82: (12 Points) Certified and 3 years’ experience
F83: (0 Points) Certified and <3 year’ experience
B85: Engineer | C85: The resource must hold a recognised certification in Linux system administration (e.g., RHCE, LPIC-2, or CompTIA Linux+), a vendor certification in MySQL database administration (e.g., Oracle OCP MySQL), and a PHP development certification (e.g., Zend Certified PHP Engineer). Equivalent proven qualifications or demonstrable hands-on experience with Apache administration will also be considered. | D85: 10 | F85: (10 Points) Certified and >5 years’ experience
F86: (8 Points) Certified and 4 years’ experience
F87: (6 Points) Certified and 3 years’ experience
F88: (0 Points) Certified and <3 year’ experience
A91: DBA | B91: Senior DBA | C91: Microsoft Certified: Database Administrator Associate or similar certificates | D91: 20 | F91: (20 Points) Certified and >5 years’ experience
F92: (16 Points) Certified and 4 years’ experience
F93: (12 Points) Certified and 3 years’ experience
F94: (0 Points) Certified and <3 year’ experience
B96: DBA | C96: Microsoft Certified: Database Administrator Associate or similar certificates | D96: 10 | F96: (10 Points) Certified and >5 years’ experience
F97: (8 Points) Certified and 4 years’ experience
F98: (6 Points) Certified and 3 years’ experience
F99: (0 Points) Certified and <3 year’ experience
A101: Modern Work (Microsoft 365) – Core Certifications | B101: Microsoft Certified Engineer | C101: MS-900: Microsoft 365 Fundamentals (baseline knowledge)+C86:C12C86:C135 | D101: 20 | F101: (20 Points) Certified and >5 years’ experience
F102: (16 Points) Certified and 4 years’ experience
F103: (12 Points) Certified and 3 years’ experience
F104: (0 Points) Certified and <3 year’ experience
B106: Microsoft Certified Engineer | C106: MD-102: Endpoint Administrator (device management, Intune, Autopilot) | D106: 20 | F106: (20 Points) Certified and >5 years’ experience
F107: (16 Points) Certified and 4 years’ experience
F108: (12 Points) Certified and 3 years’ experience
F109: (0 Points) Certified and <3 year’ experience
B111: Microsoft Certified Engineer | C111: MS-700: Managing Microsoft Teams (Teams admin, telephony, collaboration) | D111: 20 | F111: (20 Points) Certified and >5 years’ experience
F112: (16 Points) Certified and 4 years’ experience
F113: (12 Points) Certified and 3 years’ experience
F114: (0 Points) Certified and <3 year’ experience
B116: Microsoft Certified Engineer | C116: MS-203: Microsoft 365 Messaging (Exchange Online admin) | D116: 20 | F116: (20 Points) Certified and >5 years’ experience
F117: (16 Points) Certified and 4 years’ experience
F118: (12 Points) Certified and 3 years’ experience
F119: (0 Points) Certified and <3 year’ experience
B121: Microsoft Certified Engineer | C121: MS-740: Troubleshooting Microsoft Teams (specialist troubleshooting) | D121: 10 | F121: (10 Points) Certified and >5 years’ experience
F122: (8 Points) Certified and 4 years’ experience
F123: (6 Points) Certified and 3 years’ experience
F124: (0 Points) Certified and <3 year’ experience
A126: Security (Microsoft 365) – Core Certifications | B126: Microsoft Certified Engineer | C126: SC-900: Microsoft Security, Compliance, and Identity Fundamentals (baseline) | D126: 20 | F126: (20 Points) Certified and >5 years’ experience
...

Sheet 1H - References
A1: Annexure 1H - References | J1: Yes
A2: No | B2: Client | C2: Contact Name, Phone number | D2: Commence-ment date | E2: Duration (Years) | F2: Contract Value over duration | G2: Summary of services | H2: Letter Attached | J2: No
A3: 1
A4: 2
A5: 3
A6: 4
A7: 5
A8: 6
A9: 7
A10: 8
A11: 9

Sheet 1I - VoIP Costing
A1: Annexure 1I - VoIP Requirements
A2: For costing purposes, please assume the following:
A3: 2500 Users for General Business Requirements
A5: Call Centre User Requirements
A6: Supervisors | B6: 7
A7: Agents | B7: 39
A9: Please provide per minute rates for the following destinations:
A10: SERVICE PROVIDER | B10: Rate / Minute
A11: Vodacom (rate per minute)
A12: MTN (rate per minute)
A13: Cell C (rate per minute)
A14: Rain (rate per minute)
A15: Telkom (rate per minute)
A16: National (rate per minute)
A17: Local (rate per minute)
A18: VOIP Numbers (rate per minute)
A19: Please note the above rates are indicative and do not form part of the Pricing Summary
A22: Please specify the solution to be used for 'General Business Requirements:
A23: Please populate the Columns Cost 1, Cost 2 etc to capture any costs related to the once-off setup costs as well as detailing the recurring costs.
A24: General Business Requirements | B24: Description of Once-Off Costs (Please insert descriptive headings) | C24: Detailed Breakdown of Once Off Costs | D24: Description of Monthly Costs (Please insert descriptive headings) | E24: Detailed breakdown of First Month Recurring Costs
A25: Cost 1:
A26: Cost 2:
A27: Cost 3:
A28: Cost 4:
A29: Cost 5:
A30: Cost 6:
A31: Cost 7:
A32: Cost 8:
A33: Cost 9:
A34: Cost 10:
A35: Total: | C35: =SUM(C25:C34) -> 0 | E35: =SUM(E25:E34) -> 0
A36: Note:
A38: Please specify the proposed solution to be used for 'Call Centre Requirements:
A39: Please populate the Columns Cost 1, Cost 2 etc to capture any costs related to the once-off setup costs as well as detailing the recurring costs.
A40: Call Centre Requirements | B40: Description of Once-Off Costs (Please insert descriptive headings) | C40: Detailed Breakdown of Once Off Costs | D40: Description of Monthly Costs (Please insert descriptive headings) | E40: Detailed breakdown of First Month Recurring Costs
A41: Cost 1:
A42: Cost 2:
A43: Cost 3:
A44: Cost 4:
A45: Cost 5:
A46: Cost 6:
A47: Cost 7:
A48: Cost 8:
A49: Cost 9:
A50: Cost 10:
A51: Total: | C51: =SUM(C41:C50) -> 0 | E51: =SUM(E41:E50) -> 0
A52: Note:
A54: List of Numbers to be Ported
A55: Total Number of DID's to be ported | B55: Cost to Port | C55: Total Cost
A56: 2500 | C56: =A56*B56 -> 0 | D56: =SUM(R57:R3035) -> 0

Sheet 1J - Price Summary
A1: Annexure 1J - Price Summary
B2: South African National Parks
I3: Once off Costs | J3: Year 1 | K3: Year 2 | L3: Year 3 | M3: Year 4 | N3: Year 5 | O3: Year 6 | P3: Year 7 | Q3: Year 8 | R3: Year 9 | S3: Year 10 | T3: TOTAL
B4: Pricing Schedule | D4: Unit
B5: 1 | C5: "Per Service" Core Services
B6: 1.2. | C6: Centralised Single Point of Contact (SPoC) Service Desk Aggregator | D6: Per Service | K6: =J6*(1+K$69) -> 0 | L6: =K6*(1+L$69) -> 0 | M6: =L6*(1+M$69) -> 0 | N6: =M6*(1+N$69) -> 0 | O6: =N6*(1+O$69) -> 0 | P6: =O6*(1+P$69) -> 0 | Q6: =P6*(1+Q$69) -> 0 | R6: =Q6*(1+R$69) -> 0 | S6: =R6*(1+S$69) -> 0 | T6: =SUM(J6:S6)+I6 -> 0
B7: 1.3. | C7: User Support | D7: Per Service | K7: =J7*(1+K$69) -> 0 | L7: =K7*(1+L$69) -> 0 | M7: =L7*(1+M$69) -> 0 | N7: =M7*(1+N$69) -> 0 | O7: =N7*(1+O$69) -> 0 | P7: =O7*(1+P$69) -> 0 | Q7: =P7*(1+Q$69) -> 0 | R7: =Q7*(1+R$69) -> 0 | S7: =R7*(1+S$69) -> 0 | T7: =SUM(J7:S7)+I7 -> 0
B8: 1.5. | C8: Network Management | D8: Per Service | K8: =J8*(1+K$69) -> 0 | L8: =K8*(1+L$69) -> 0 | M8: =L8*(1+M$69) -> 0 | N8: =M8*(1+N$69) -> 0 | O8: =N8*(1+O$69) -> 0 | P8: =O8*(1+P$69) -> 0 | Q8: =P8*(1+Q$69) -> 0 | R8: =Q8*(1+R$69) -> 0 | S8: =R8*(1+S$69) -> 0 | T8: =SUM(J8:S8)+I8 -> 0
B9: 1.6. | C9: Server Management | D9: Per Service | K9: =J9*(1+K$69) -> 0 | L9: =K9*(1+L$69) -> 0 | M9: =L9*(1+M$69) -> 0 | N9: =M9*(1+N$69) -> 0 | O9: =N9*(1+O$69) -> 0 | P9: =O9*(1+P$69) -> 0 | Q9: =P9*(1+Q$69) -> 0 | R9: =Q9*(1+R$69) -> 0 | S9: =R9*(1+S$69) -> 0 | T9: =SUM(J9:S9)+I9 -> 0
B10: 1.7. | C10: Database Administration | D10: Per Service | K10: =J10*(1+K$69) -> 0 | L10: =K10*(1+L$69) -> 0 | M10: =L10*(1+M$69) -> 0 | N10: =M10*(1+N$69) -> 0 | O10: =N10*(1+O$69) -> 0 | P10: =O10*(1+P$69) -> 0 | Q10: =P10*(1+Q$69) -> 0 | R10: =Q10*(1+R$69) -> 0 | S10: =R10*(1+S$69) -> 0 | T10: =SUM(J10:S10)+I10 -> 0
B11: 1.8.a | C11: Disaster Recovery Management | D11: Per Service | K11: =J11*(1+K$69) -> 0 | L11: =K11*(1+L$69) -> 0 | M11: =L11*(1+M$69) -> 0 | N11: =M11*(1+N$69) -> 0 | O11: =N11*(1+O$69) -> 0 | P11: =O11*(1+P$69) -> 0 | Q11: =P11*(1+Q$69) -> 0 | R11: =Q11*(1+R$69) -> 0 | S11: =R11*(1+S$69) -> 0 | T11: =SUM(J11:S11)+I11 -> 0
B12: 1.10. | C12: Patch Management | D12: Per Service | K12: =J12*(1+K$69) -> 0 | L12: =K12*(1+L$69) -> 0 | M12: =L12*(1+M$69) -> 0 | N12: =M12*(1+N$69) -> 0 | O12: =N12*(1+O$69) -> 0 | P12: =O12*(1+P$69) -> 0 | Q12: =P12*(1+Q$69) -> 0 | R12: =Q12*(1+R$69) -> 0 | S12: =R12*(1+S$69) -> 0 | T12: =SUM(J12:S12)+I12 -> 0
B13: 3.1. | C13: Bulk e-mail service | D13: Per Service | K13: =J13*(1+K$69) -> 0 | L13: =K13*(1+L$69) -> 0 | M13: =L13*(1+M$69) -> 0 | N13: =M13*(1+N$69) -> 0 | O13: =N13*(1+O$69) -> 0 | P13: =O13*(1+P$69) -> 0 | Q13: =P13*(1+Q$69) -> 0 | R13: =Q13*(1+R$69) -> 0 | S13: =R13*(1+S$69) -> 0 | T13: =SUM(J13:S13)+I13 -> 0
B14: 3.2 | C14: Bulk SMS service | D14: Per Service | K14: =J14*(1+K$69) -> 0 | L14: =K14*(1+L$69) -> 0 | M14: =L14*(1+M$69) -> 0 | N14: =M14*(1+N$69) -> 0 | O14: =N14*(1+O$69) -> 0 | P14: =O14*(1+P$69) -> 0 | Q14: =P14*(1+Q$69) -> 0 | R14: =Q14*(1+R$69) -> 0 | S14: =R14*(1+S$69) -> 0 | T14: =SUM(J14:S14)+I14 -> 0
B15: 3.3.1.a | C15: Management of Existing SANParks Infrastructure, (Before Migration) | D15: Per Service | K15: =J15*(1+K$69) -> 0 | L15: =K15*(1+L$69) -> 0 | M15: =L15*(1+M$69) -> 0 | N15: =M15*(1+N$69) -> 0 | O15: =N15*(1+O$69) -> 0 | P15: =O15*(1+P$69) -> 0 | Q15: =P15*(1+Q$69) -> 0 | R15: =Q15*(1+R$69) -> 0 | S15: =R15*(1+S$69) -> 0 | T15: =SUM(J15:S15)+I15 -> 0
B16: 3.3.1.b | C16: Migration Costs of Existing Cloud Services | D16: Per Service | K16: =J16*(1+K$69) -> 0 | L16: =K16*(1+L$69) -> 0 | M16: =L16*(1+M$69) -> 0 | N16: =M16*(1+N$69) -> 0 | O16: =N16*(1+O$69) -> 0 | P16: =O16*(1+P$69) -> 0 | Q16: =P16*(1+Q$69) -> 0 | R16: =Q16*(1+R$69) -> 0 | S16: =R16*(1+S$69) -> 0 | T16: =SUM(J16:S16)+I16 -> 0
B17: 3.3.1.c | C17: Cloud Hosting Costs (SANParks Development Cloud) | D17: Per Service | K17: =J17*(1+K$69) -> 0 | L17: =K17*(1+L$69) -> 0 | M17: =L17*(1+M$69) -> 0 | N17: =M17*(1+N$69) -> 0 | O17: =N17*(1+O$69) -> 0 | P17: =O17*(1+P$69) -> 0 | Q17: =P17*(1+Q$69) -> 0 | R17: =Q17*(1+R$69) -> 0 | S17: =R17*(1+S$69) -> 0 | T17: =SUM(J17:S17)+I17 -> 0
B18: 3.3.1.d | C18: Hosted Envirnment for Development Purposes as per Annexure 1C - SANParks Owned Equipment (Cost based on Full Usage) | D18: Per Service | K18: =J18*(1+K$69) -> 0 | L18: =K18*(1+L$69) -> 0 | M18: =L18*(1+M$69) -> 0 | N18: =M18*(1+N$69) -> 0 | O18: =N18*(1+O$69) -> 0 | P18: =O18*(1+P$69) -> 0 | Q18: =P18*(1+Q$69) -> 0 | R18: =Q18*(1+R$69) -> 0 | S18: =R18*(1+S$69) -> 0 | T18: =SUM(J18:S18)+I18 -> 0
B19: 3.3.2 | C19: SANParks E-Business Website Management, Support and Maintenance | D19: Per Service | K19: =J19*(1+K$69) -> 0 | L19: =K19*(1+L$69) -> 0 | M19: =L19*(1+M$69) -> 0 | N19: =M19*(1+N$69) -> 0 | O19: =N19*(1+O$69) -> 0 | P19: =O19*(1+P$69) -> 0 | Q19: =P19*(1+Q$69) -> 0 | R19: =Q19*(1+R$69) -> 0 | S19: =R19*(1+S$69) -> 0 | T19: =SUM(J19:S19)+I19 -> 0
B20: 4.4.1 | C20: SOC Services | D20: Per Service | K20: =J20*(1+K$69) -> 0 | L20: =K20*(1+L$69) -> 0 | M20: =L20*(1+M$69) -> 0 | N20: =M20*(1+N$69) -> 0 | O20: =N20*(1+O$69) -> 0 | P20: =O20*(1+P$69) -> 0 | Q20: =P20*(1+Q$69) -> 0 | R20: =Q20*(1+R$69) -> 0 | S20: =R20*(1+S$69) -> 0 | T20: =SUM(J20:S20)+I20 -> 0
B21: 4.4.2 | C21: Vulnerability assessment services | D21: Per Service | K21: =J21*(1+K$69) -> 0 | L21: =K21*(1+L$69) -> 0 | M21: =L21*(1+M$69) -> 0 | N21: =M21*(1+N$69) -> 0 | O21: =N21*(1+O$69) -> 0 | P21: =O21*(1+P$69) -> 0 | Q21: =P21*(1+Q$69) -> 0 | R21: =Q21*(1+R$69) -> 0 | S21: =R21*(1+S$69) -> 0 | T21: =SUM(J21:S21)+I21 -> 0
B22: 4.4.3 | C22: Perimeter Protection Services | D22: Per Service | K22: =J22*(1+K$69) -> 0 | L22: =K22*(1+L$69) -> 0 | M22: =L22*(1+M$69) -> 0 | N22: =M22*(1+N$69) -> 0 | O22: =N22*(1+O$69) -> 0 | P22: =O22*(1+P$69) -> 0 | Q22: =P22*(1+Q$69) -> 0 | R22: =Q22*(1+R$69) -> 0 | S22: =R22*(1+S$69) -> 0 | T22: =SUM(J22:S22)+I22 -> 0
B23: 5.1.a | C23: ICT Maturity and Innovation Services | D23: Per Service | K23: =J23*(1+K$69) -> 0 | L23: =K23*(1+L$69) -> 0 | M23: =L23*(1+M$69) -> 0 | N23: =M23*(1+N$69) -> 0 | O23: =N23*(1+O$69) -> 0 | P23: =O23*(1+P$69) -> 0 | Q23: =P23*(1+Q$69) -> 0 | R23: =Q23*(1+R$69) -> 0 | S23: =R23*(1+S$69) -> 0 | T23: =SUM(J23:S23)+I23 -> 0
B24: 5.1.b | C24: Compliance Audits | D24: Per Service | K24: =J24*(1+K$69) -> 0 | L24: =K24*(1+L$69) -> 0 | M24: =L24*(1+M$69) -> 0 | N24: =M24*(1+N$69) -> 0 | O24: =N24*(1+O$69) -> 0 | P24: =O24*(1+P$69) -> 0 | Q24: =P24*(1+Q$69) -> 0 | R24: =Q24*(1+R$69) -> 0 | S24: =R24*(1+S$69) -> 0 | T24: =SUM(J24:S24)+I24 -> 0
I25: =SUM(I6:I24) -> 0 | J25: =SUM(J6:J24) -> 0 | K25: =SUM(K6:K24) -> 0 | L25: =SUM(L6:L24) -> 0 | M25: =SUM(M6:M24) -> 0 | N25: =SUM(N6:N24) -> 0 | O25: =SUM(O6:O24) -> 0 | P25: =SUM(P6:P24) -> 0 | ... T25: =SUM(T6:T24) -> 0
B27: 2.1 | C27: "Per Unit" Core Services | E27: Quantity per Month | F27: Rate per Unit | G27: Quantity per Annum | H27: Cost per Annum
B28: 1.4. | C28: Desktop Configuration - IMACD (Max 100 hours / Month) | D28: per Hour | E28: 100 | G28: =E28*12 -> 1200 | H28: =E28*F28*12 -> 0 | J28: =H28 -> 0 | K28: =J28*(1+K$69) -> 0 | L28: =K28*(1+L$69) -> 0 | M28: =L28*(1+M$69) -> 0 | N28: =M28*(1+N$69) -> 0 | O28: =N28*(1+O$69) -> 0 | P28: =O28*(1+P$69) -> 0 | Q28: =P28*(1+Q$69) -> 0 | R28: =Q28*(1+R$69) -> 0 | S28: =R28*(1+S$69) -> 0 | T28: =SUM(J28:S28)+I28 -> 0
B29: 1.9.a | C29: Mimecast License (Recurring / Month) | D29: Per User | E29: 2500 | G29: =E29 -> 2500 | H29: =E29*F29*12 -> 0 | J29: =H29 -> 0 | K29: =J29*(1+K$69) -> 0 | L29: =K29*(1+L$69) -> 0 | M29: =L29*(1+M$69) -> 0 | N29: =M29*(1+N$69) -> 0 | O29: =N29*(1+O$69) -> 0 | P29: =O29*(1+P$69) -> 0 | Q29: =P29*(1+Q$69) -> 0 | R29: =Q29*(1+R$69) -> 0 | S29: =R29*(1+S$69) -> 0 | T29: =SUM(J29:S29)+I29 -> 0
B30: 1.9.b | C30: Mimecast Management (Max 20 Hours / Month) | D30: Per Hour | E30: 20 | G30: =E30*12 -> 240 | H30: =E30*F30*12 -> 0 | J30: =H30 -> 0 | K30: =J30*(1+K$69) -> 0 | L30: =K30*(1+L$69) -> 0 | M30: =L30*(1+M$69) -> 0 | N30: =M30*(1+N$69) -> 0 | O30: =N30*(1+O$69) -> 0 | P30: =O30*(1+P$69) -> 0 | Q30: =P30*(1+Q$69) -> 0 | R30: =Q30*(1+R$69) -> 0 | S30: =R30*(1+S$69) -> 0 | T30: =SUM(J30:S30)+I30 -> 0
B31: 1.10.a | C31: Patch Management License for Desktop/Laptops (Recurring / Month) | D31: Per Device | E31: ='1B - Desktop & IoT'!D8 -> 1980 | G31: =E31 -> 1980 | H31: =E31*F31*12 -> 0 | J31: =H31 -> 0 | K31: =J31*(1+K$69) -> 0 | L31: =K31*(1+L$69) -> 0 | M31: =L31*(1+M$69) -> 0 | N31: =M31*(1+N$69) -> 0 | O31: =N31*(1+O$69) -> 0 | P31: =O31*(1+P$69) -> 0 | Q31: =P31*(1+Q$69) -> 0 | R31: =Q31*(1+R$69) -> 0 | S31: =R31*(1+S$69) -> 0 | T31: =SUM(J31:S31)+I31 -> 0
B32: 1.10.a | C32: Patch Management License for Servers (Recurring / Month) | D32: Per Device | E32: ='1C - SANParks Owned Equipment'!G13+'1D - Private Cloud Pricing'!B102 -> 164 | G32: =E32 -> 164 | H32: =E32*F32*12 -> 0 | J32: =H32 -> 0 | K32: =J32*(1+K$69) -> 0 | L32: =K32*(1+L$69) -> 0 | M32: =L32*(1+M$69) -> 0 | N32: =M32*(1+N$69) -> 0 | O32: =N32*(1+O$69) -> 0 | P32: =O32*(1+P$69) -> 0 | Q32: =P32*(1+Q$69) -> 0 | R32: =Q32*(1+R$69) -> 0 | S32: =R32*(1+S$69) -> 0 | T32: =SUM(J32:S32)+I32 -> 0
B33: 2.1.1.a. | C33: New Network Points | D33: Per Point | E33: 13.5 | G33: =E33*12 -> 162 | H33: =E33*F33*12 -> 0 | J33: =H33 -> 0 | K33: =J33*(1+K$69) -> 0 | L33: =K33*(1+L$69) -> 0 | M33: =L33*(1+M$69) -> 0 | N33: =M33*(1+N$69) -> 0 | O33: =N33*(1+O$69) -> 0 | P33: =O33*(1+P$69) -> 0 | Q33: =P33*(1+Q$69) -> 0 | R33: =Q33*(1+R$69) -> 0 | S33: =R33*(1+S$69) -> 0 | T33: =SUM(J33:S33)+I33 -> 0
B34: 2.1.1.b | C34: Maintenance of existing network points | D34: Per Point | E34: 9 | G34: =E34*12 -> 108 | H34: =E34*F34*12 -> 0 | J34: =H34 -> 0 | K34: =J34*(1+K$69) -> 0 | L34: =K34*(1+L$69) -> 0 | M34: =L34*(1+M$69) -> 0 | N34: =M34*(1+N$69) -> 0 | O34: =N34*(1+O$69) -> 0 | P34: =O34*(1+P$69) -> 0 | Q34: =P34*(1+Q$69) -> 0 | R34: =Q34*(1+R$69) -> 0 | S34: =R34*(1+S$69) -> 0 | T34: =SUM(J34:S34)+I34 -> 0
B35: 2.1.2. | C35: Expansion of LAN to other buildings via fibre and radio | D35: Per Connection | E35: 2 | G35: =E35*12 -> 24 | H35: =E35*F35*12 -> 0 | J35: =H35 -> 0 | K35: =J35*(1+K$69) -> 0 | L35: =K35*(1+L$69) -> 0 | M35: =L35*(1+M$69) -> 0 | N35: =M35*(1+N$69) -> 0 | O35: =N35*(1+O$69) -> 0 | P35: =O35*(1+P$69) -> 0 | Q35: =P35*(1+Q$69) -> 0 | R35: =Q35*(1+R$69) -> 0 | S35: =R35*(1+S$69) -> 0 | T35: =SUM(J35:S35)+I35 -> 0
B36: 3.3.2.b | C36: Development services | D36: Per Hour | E36: 250 | G36: =E36*12 -> 3000 | H36: =E36*F36*12 -> 0 | J36: =H36 -> 0 | K36: =J36*(1+K$69) -> 0 | L36: =K36*(1+L$69) -> 0 | M36: =L36*(1+M$69) -> 0 | N36: =M36*(1+N$69) -> 0 | O36: =N36*(1+O$69) -> 0 | P36: =O36*(1+P$69) -> 0 | Q36: =P36*(1+Q$69) -> 0 | R36: =Q36*(1+R$69) -> 0 | S36: =R36*(1+S$69) -> 0 | T36: =SUM(J36:S36)+I36 -> 0
B37: 4.4.1 | C37: PCI DSS Governance and Monitoring Services - Advisory | D37: Per Hour | G37: 200 | H37: =G37*F37 -> 0 | J37: =H37 -> 0 | K37: =J37*(1+K$69) -> 0 | L37: =K37*(1+L$69) -> 0 | M37: =L37*(1+M$69) -> 0 | N37: =M37*(1+N$69) -> 0 | O37: =N37*(1+O$69) -> 0 | P37: =O37*(1+P$69) -> 0 | Q37: =P37*(1+Q$69) -> 0 | R37: =Q37*(1+R$69) -> 0 | S37: =R37*(1+S$69) -> 0 | T37: =SUM(J37:S37)+I37 -> 0
B38: 4.4.2 | C38: Independent QSA Requirement | D38: Per Hour | G38: 40 | H38: =G38*F38 -> 0 | J38: =H38 -> 0 | K38: =J38*(1+K$69) -> 0 | L38: =K38*(1+L$69) -> 0 | M38: =L38*(1+M$69) -> 0 | N38: =M38*(1+N$69) -> 0 | O38: =N38*(1+O$69) -> 0 | P38: =O38*(1+P$69) -> 0 | Q38: =P38*(1+Q$69) -> 0 | R38: =Q38*(1+R$69) -> 0 | S38: =R38*(1+S$69) -> 0 | T38: =SUM(J38:S38)+I38 -> 0
B39: 5.1.c | C39: IT Strategy work (Please enter Rate / Hour) Service to be billed as and when required | D39: Per Hour | J39: 0 | K39: =J39*(1+K$69) -> 0 | L39: =K39*(1+L$69) -> 0 | M39: =L39*(1+M$69) -> 0 | N39: =M39*(1+N$69) -> 0 | O39: =N39*(1+O$69) -> 0 | P39: =O39*(1+P$69) -> 0 | Q39: =P39*(1+Q$69) -> 0 | R39: =Q39*(1+R$69) -> 0 | S39: =R39*(1+S$69) -> 0 | T39: =SUM(J39:S39)+I39 -> 0
B40: 5.2. | C40: IT Governance Scope of Work (Please enter Rate / Hour) Service to be billed as and when required | D40: Per Hour | J40: 0 | K40: =J40*(1+K$69) -> 0 | L40: =K40*(1+L$69) -> 0 | M40: =L40*(1+M$69) -> 0 | N40: =M40*(1+N$69) -> 0 | O40: =N40*(1+O$69) -> 0 | P40: =O40*(1+P$69) -> 0 | Q40: =P40*(1+Q$69) -> 0 | R40: =Q40*(1+R$69) -> 0 | S40: =R40*(1+S$69) -> 0 | T40: =SUM(J40:S40)+I40 -> 0
B41: 5.3. | C41: Enterprise Architecture Services Scope of Work (Please enter Rate / Hour) Service to be billed as and when required | D41: Per Hour | J41: 0 | K41: =J41*(1+K$69) -> 0 | L41: =K41*(1+L$69) -> 0 | M41: =L41*(1+M$69) -> 0 | N41: =M41*(1+N$69) -> 0 | O41: =N41*(1+O$69) -> 0 | P41: =O41*(1+P$69) -> 0 | Q41: =P41*(1+Q$69) -> 0 | R41: =Q41*(1+R$69) -> 0 | S41: =R41*(1+S$69) -> 0 | T41: =SUM(J41:S41)+I41 -> 0
I42: =SUM(I28:I41) -> 0 | J42: =SUM(J28:J41) -> 0 | K42: =SUM(K28:K41) -> 0 | L42: =SUM(L28:L41) -> 0 | M42: =SUM(M28:M41) -> 0 | N42: =SUM(N28:N41) -> 0 | O42: =SUM(O28:O41) -> 0 | P42: =SUM(P28:P41) -> 0 | ... T42: =SUM(T28:T41) -> 0
C44: "Pricing Schedule" Summaries
B45: 1.8.b | C45: Disaster Recovery Storage and License costs | D45: Pricing Schedule (Private Cloud Pricing) | J45: ='1D - Private Cloud Pricing'!I100+'1D - Private Cloud Pricing'!J100 -> 0 | K45: =J45*(1+K$69) -> 0 | L45: =K45*(1+L$69) -> 0 | M45: =L45*(1+M$69) -> 0 | N45: =M45*(1+N$69) -> 0 | O45: =N45*(1+O$69) -> 0 | P45: =O45*(1+P$69) -> 0 | Q45: =P45*(1+Q$69) -> 0 | R45: =Q45*(1+R$69) -> 0 | S45: =R45*(1+S$69) -> 0 | T45: =SUM(J45:S45)+I45 -> 0
B46: 2.2.1 | C46: WAN Requirements | D46: Pricing Schedule (WAN Pricing) | I46: ='1F - WAN Pricing'!S186 -> 0 | J46: ='1F - WAN Pricing'!U186 -> 0 | K46: ='1F - WAN Pricing'!V186*(1+K$69) -> 0 | L46: ='1F - WAN Pricing'!W186*(1+L$69) -> 0 | M46: ='1F - WAN Pricing'!X186*(1+M$69) -> 0 | N46: ='1F - WAN Pricing'!Y186*(1+N$69) -> 0 | O46: ='1F - WAN Pricing'!Z186*(1+O$69) -> 0 | P46: ='1F - WAN Pricing'!AA186*(1+P$69) -> 0 | Q46: ='1F - WAN Pricing'!AB186*(1+Q$69) -> 0 | R46: ='1F - WAN Pricing'!AC186*(1+R$69) -> 0 | S46: ='1F - WAN Pricing'!AD186*(1+S$69) -> 0 | T46: =SUM(J46:S46)+I46 -> 0
B47: 2.2.3 | C47: IP telephony services - General Business Requirements | D47: Pricing Schedule (VoIP Pricing) | I47: ='1I - VoIP Costing'!C35 -> 0 | J47: ='1I - VoIP Costing'!E35*12 -> 0 | K47: =J47*(1+K69) -> 0 | L47: =K47*(1+L69) -> 0 | M47: =L47*(1+M69) -> 0 | N47: =M47*(1+N69) -> 0 | O47: =N47*(1+O69) -> 0 | P47: =O47*(1+P69) -> 0 | Q47: =P47*(1+Q69) -> 0 | R47: =Q47*(1+R69) -> 0 | S47: =R47*(1+S69) -> 0 | T47: =SUM(J47:S47)+I47 -> 0
B48: 2.2.3 | C48: IP telephony services - Call Centre Requirements | D48: Pricing Schedule (VoIP Pricing) | I48: ='1I - VoIP Costing'!C51 -> 0 | J48: ='1I - VoIP Costing'!E51*12 -> 0 | K48: =J48*(1+K69) -> 0 | L48: =K48*(1+L69) -> 0 | M48: =L48*(1+M69) -> 0 | N48: =M48*(1+N69) -> 0 | O48: =N48*(1+O69) -> 0 | P48: =O48*(1+P69) -> 0 | Q48: =P48*(1+Q69) -> 0 | R48: =Q48*(1+R69) -> 0 | S48: =R48*(1+S69) -> 0 | T48: =SUM(J48:S48)+I48 -> 0
B49: 3.3.1.d | C49: Cloud Hosting Costs (Production Environment) | D49: Pricing Schedule (Private Cloud Pricing) | J49: ='1D - Private Cloud Pricing'!C100+'1D - Private Cloud Pricing'!E100+'1D - Private Cloud Pricing'!G100 -> 0 | K49: =J49*(1+K$69) -> 0 | L49: =K49*(1+L$69) -> 0 | M49: =L49*(1+M$69) -> 0 | N49: =M49*(1+N$69) -> 0 | O49: =N49*(1+O$69) -> 0 | P49: =O49*(1+P$69) -> 0 | Q49: =P49*(1+Q$69) -> 0 | R49: =Q49*(1+R$69) -> 0 | S49: =R49*(1+S$69) -> 0 | T49: =SUM(J49:S49)+I49 -> 0
B50: 3.3.1.e | C50: High Availability Cloud Solution | D50: Pricing Schedule (Private Cloud Pricing) | J50: ='1D - Private Cloud Pricing'!K100 -> 0 | K50: =J50*(1+K$69) -> 0 | L50: =K50*(1+L$69) -> 0 | M50: =L50*(1+M$69) -> 0 | N50: =M50*(1+N$69) -> 0 | O50: =N50*(1+O$69) -> 0 | P50: =O50*(1+P$69) -> 0 | Q50: =P50*(1+Q$69) -> 0 | R50: =Q50*(1+R$69) -> 0 | S50: =R50*(1+S$69) -> 0 | T50: =SUM(J50:S50)+I50 -> 0
B51: 2.2.3.c. | C51: Number Porting Requirements | D51: Pricing Schedule (VoIP Pricing) | I51: ='1I - VoIP Costing'!C56 -> 0 | T51: =SUM(J51:S51)+I51 -> 0
I52: =SUM(I45:I51) -> 0 | J52: =SUM(J45:J51) -> 0 | K52: =SUM(K45:K51) -> 0 | L52: =SUM(L45:L51) -> 0 | M52: =SUM(M45:M51) -> 0 | N52: =SUM(N45:N51) -> 0 | O52: =SUM(O45:O51) -> 0 | P52: =SUM(P45:P51) -> 0 | ... T52: =SUM(T45:T51) -> 0
B54: 3 | C54: Additional Services Required
B57: 5 | C57: Additional Services (Totals from separate pricing schedules where applicable)
C58: Uncatered for costs (not above) (refer to additional pricing sheets if required) | E58: Quantity per Month | F58: Rate per Unit | G58: Quantity per Annum | H58: Cost per Annum
G59: =E59*12 -> 0 | H59: =E59*F59*12 -> 0 | J59: =H59 -> 0 | K59: =J59*(1+K$69) -> 0 | L59: =K59*(1+L$69) -> 0 | M59: =L59*(1+M$69) -> 0 | N59: =M59*(1+N$69) -> 0 | O59: =N59*(1+O$69) -> 0 | P59: =O59*(1+P$69) -> 0 | Q59: =P59*(1+Q$69) -> 0 | R59: =Q59*(1+R$69) -> 0 | S59: =R59*(1+S$69) -> 0 | T59: =SUM(J59:S59)+I59 -> 0
G60: =E60*12 -> 0 | H60: =E60*F60*12 -> 0 | J60: =H60 -> 0 | K60: =J60*(1+K$69) -> 0 | L60: =K60*(1+L$69) -> 0 | M60: =L60*(1+M$69) -> 0 | N60: =M60*(1+N$69) -> 0 | O60: =N60*(1+O$69) -> 0 | P60: =O60*(1+P$69) -> 0 | Q60: =P60*(1+Q$69) -> 0 | R60: =Q60*(1+R$69) -> 0 | S60: =R60*(1+S$69) -> 0 | T60: =SUM(J60:S60)+I60 -> 0
G61: =E61*12 -> 0 | H61: =E61*F61*12 -> 0 | J61: =H61 -> 0 | K61: =J61*(1+K$69) -> 0 | L61: =K61*(1+L$69) -> 0 | M61: =L61*(1+M$69) -> 0 | N61: =M61*(1+N$69) -> 0 | O61: =N61*(1+O$69) -> 0 | P61: =O61*(1+P$69) -> 0 | Q61: =P61*(1+Q$69) -> 0 | R61: =Q61*(1+R$69) -> 0 | S61: =R61*(1+S$69) -> 0 | T61: =SUM(J61:S61)+I61 -> 0
G62: =E62*12 -> 0 | H62: =E62*F62*12 -> 0 | J62: =H62 -> 0 | K62: =J62*(1+K$69) -> 0 | L62: =K62*(1+L$69) -> 0 | M62: =L62*(1+M$69) -> 0 | N62: =M62*(1+N$69) -> 0 | O62: =N62*(1+O$69) -> 0 | P62: =O62*(1+P$69) -> 0 | Q62: =P62*(1+Q$69) -> 0 | R62: =Q62*(1+R$69) -> 0 | S62: =R62*(1+S$69) -> 0 | T62: =SUM(J62:S62)+I62 -> 0
G63: =E63*12 -> 0 | H63: =E63*F63*12 -> 0 | J63: =H63 -> 0 | K63: =J63*(1+K$69) -> 0 | L63: =K63*(1+L$69) -> 0 | M63: =L63*(1+M$69) -> 0 | N63: =M63*(1+N$69) -> 0 | O63: =N63*(1+O$69) -> 0 | P63: =O63*(1+P$69) -> 0 | Q63: =P63*(1+Q$69) -> 0 | R63: =Q63*(1+R$69) -> 0 | S63: =R63*(1+S$69) -> 0 | T63: =SUM(J63:S63)+I63 -> 0
G64: =E64*12 -> 0 | H64: =E64*F64*12 -> 0 | J64: =H64 -> 0 | K64: =J64*(1+K$69) -> 0 | L64: =K64*(1+L$69) -> 0 | M64: =L64*(1+M$69) -> 0 | N64: =M64*(1+N$69) -> 0 | O64: =N64*(1+O$69) -> 0 | P64: =O64*(1+P$69) -> 0 | Q64: =P64*(1+Q$69) -> 0 | R64: =Q64*(1+R$69) -> 0 | S64: =R64*(1+S$69) -> 0 | T64: =SUM(J64:S64)+I64 -> 0
G65: =E65*12 -> 0 | H65: =E65*F65*12 -> 0 | J65: =H65 -> 0 | K65: =J65*(1+K$69) -> 0 | L65: =K65*(1+L$69) -> 0 | M65: =L65*(1+M$69) -> 0 | N65: =M65*(1+N$69) -> 0 | O65: =N65*(1+O$69) -> 0 | P65: =O65*(1+P$69) -> 0 | Q65: =P65*(1+Q$69) -> 0 | R65: =Q65*(1+R$69) -> 0 | S65: =R65*(1+S$69) -> 0 | T65: =SUM(J65:S65)+I65 -> 0
I66: =SUM(I59:I65) -> 0 | J66: =SUM(J59:J65) -> 0 | K66: =SUM(K59:K65) -> 0 | L66: =SUM(L59:L65) -> 0 | M66: =SUM(M59:M65) -> 0 | N66: =SUM(N59:N65) -> 0 | O66: =SUM(O59:O65) -> 0 | P66: =SUM(P59:P65) -> 0 | ... T66: =SUM(T59:T65) -> 0
C68: SUBTOTAL | I68: =I25+I42+I52+I66 -> 0 | J68: =J25+J42+J52+J66 -> 0 | K68: =K25+K42+K52+K66 -> 0 | L68: =L25+L42+L52+L66 -> 0 | M68: =M25+M42+M52+M66 -> 0 | N68: =N25+N42+N52+N66 -> 0 | O68: =O25+O42+O52+O66 -> 0 | P68: =P25+P42+P52+P66 -> 0 | ... T68: =T25+T42+T52+T66 -> 0
C69: Please put your expected % increase per year ->
C70: Discounts offered | I70: =SUM(I71:I75) -> 0 | J70: =SUM(J71:J75) -> 0 | K70: =SUM(K71:K75) -> 0 | L70: =SUM(L71:L75) -> 0 | M70: =SUM(M71:M75) -> 0 | N70: =SUM(N71:N75) -> 0 | O70: =SUM(O71:O75) -> 0 | P70: =SUM(P71:P75) -> 0 | ... T70: =SUM(T71:T75) -> 0
T71: =SUM(J71:S71)+I71 -> 0
T72: =SUM(J72:S72)+I72 -> 0
T73: =SUM(J73:S73)+I73 -> 0
T74: =SUM(J74:S74)+I74 -> 0
T75: =SUM(J75:S75)+I75 -> 0
C77: TOTAL CONTRACT VALUE | E77: =T77 -> 0 | I77: =I68-I70 -> 0 | J77: =J68-J70 -> 0 | K77: =K68-K70 -> 0 | L77: =L68-L70 -> 0 | M77: =M68-M70 -> 0 | N77: =N68-N70 -> 0 | O77: =O68-O70 -> 0 | P77: =P68-P70 -> 0 | ... T77: =T68-T70 -> 0
B79: Note: If any of the services are included in pricing elsewhere, you are requested to please state the fact in your response by cross-referencing the item to a supporting note. Also, please don't leave the line item blank, but populate the columns available with a zero (0) in the qty, once off and recurring cost fields.
B82: Signatures:
C84: Name 1 | H84: Name 2 | L84: Name 3
C85: Capacity 1 | H85: Capacity 2 | L85: Capacity 3
B86: Date: | C86: =TODAY() -> 46140

Sheet 1K - Map of South African Parks
A1: Annexure 1K - Map of South African Parks

Sheet 1L - Kruger Park Camps
A1: Annexure 1M - Map of Kruger Park Camps

Sheet 1M - Backup & Recovery RTO & RP
A1: Annexure 1M - Backup and Recovery (RTO and RPO)
A3: Recovery Time Objective
A4: ICT Application/System | B4: Recovery dependencies | C4: MTO | D4: RPO | E4: RTO Hours
A5: Enterprise Content Management - requisitions and leave | B5: Network connection, Microsoft Azure Site Recovery services, active directory | C5: 24 Hours | D5: 24 Hours | E5: 4 Hours
A6: SQL Management | B6: Network connection, Microsoft Azure Site Recovery services, active directory | C6: 8 Hours | D6: 4 Hours | E6: 4 Hours
A7: SSRS (Reporting Tool) | B7: Network connection, Microsoft Azure Site Recovery services, active directory | C7: 24 Hours | D7: 24 Hours | E7: 8 Hours
A8: Business Process Management - Capturing of S&T | B8: Network connection, Microsoft Azure Site Recovery services, SQL server | C8: 24 Hours | D8: 24 Hours | E8: 4 Hours
A9: Roomseeker | B9: Network connection, Microsoft Azure Site Recovery services, SQL server, Glassfish, and active directory | C9: 4 Hours | D9: 30 Minutes | E9: 4 Hours
A10: CaseWare | B10: Network connection, Microsoft Azure Site Recovery services, active directory | C10: 4 Hours | D10: 4 Hours | E10: 4 Hours
A11: Project Online | B11: Network connection, Microsoft Azure Site Recovery services, active directory | C11: 48 Hours | D11: 4 Hours | E11: 28 Hours
A12: Website (www.sanparks.org) | B12: Network connection, Microsoft Azure Site Recovery services, My SQL database | C12: 4 Hours | D12: 4 Hours | E12: 1 Hour
A13: WEB application (e-commerce) | B13: Network connection, Microsoft Azure Site Recovery services, Room seeker and My SQL database, loyalty + Biztalk services, Call Pay, Plankton, loyalty+ | C13: 4 Hours | D13: 4 Hours | E13: 4 Hours
A14: Sage300 | B14: Network connection, Microsoft Azure Site Recovery services, active directory | C14: 4 Hours | D14: 4 Hours | E14: 4 Hours
A15: SharePoint | B15: Network connection, Microsoft Azure Site Recovery services | C15: 24 Hours | D15: 24 Hours | E15: 4 Hours
... A32: Starlight -outsourced | B32: Network connection, Microsoft Azure Site Recovery services | C32: 4 Hours | D32: 4 Hours | E32: 4 Hours
